 Dungeon Crawl Stone Soup version 0.32-a0-17-gb74e046 (webtiles) character file.

Game seed: 5879530506140453918

10999045 PidgeyThePirate the Magus (level 27, 282/323 HPs)
             Began as a Demonspawn Fighter on Jan 15, 2024.
             Was an Elder of Nemelex Xobeh.
             Escaped with the Orb
             ... and 15 runes!
             The game lasted 06:58:57 (151006 turns).

PidgeyThePirate the Magus (Demonspawn Fighter)    Turns: 151006, Time: 06:58:58

Health: 282/323    AC: 48    Str: 34 (35) XL:     27
Magic:  31/31      EV: 39    Int: 10      God:    Nemelex Xobeh [****..]
Gold:   17604      SH: 43    Dex: 20      Spells: 28/28 levels left

rFire   + + +        B - +8 morningstar "Xietamux" {speed, ^Fragile rF++ rC+ Str+3 Stlth+}
rCold   + + .        p - +8 tower shield {reflect}
rNeg    . . .        G - +10 gold dragon scales of Gestures {^Drain Fly rPois rF+ rC+ rCorr}
rPois   +            (helmet unavailable)
rElec   +            j - +2 cloak of Gravitas {Fly SInv}
rCorr   +            f - +2 pair of gloves {Dex+3}
SInv    +            H - +2 pair of boots {rampage}
Will    +++..        J - amulet of reflection Stlth
                     L - ring "Dudum" {rElec rF+ MP-9 Str+5}
HPRegen 0.73/turn    v - ring "Moerr" {Will+ EV+5 Str+3 Int-3 Dex+2}
MPRegen 0.22/turn

%: repel missiles, reflection, rampage
@: agile, flying, studying Stealth
A: horns 3, repulsion field 3, demonic guardian 3, powered by pain 3, robust 3,
large bone plates 1, screaming 1, sturdy frame 1, noise suppression
0: Orb of Zot
}: 15/15 runes: serpentine, barnacled, slimy, silver, golden, iron, obsidian,
icy, bone, abyssal, demonic, glowing, magical, fiery, dark
a: Renounce Religion, Draw Escape, Draw Destruction, Draw Summoning, Triple
Draw, Deal Four


You escaped.
You worshipped Nemelex Xobeh.
Nemelex Xobeh was greatly pleased with you.
You visited 17 branches of the dungeon, and saw 87 of its levels.
You visited Pandemonium 2 times, and saw 24 of its levels.
You visited the Abyss 3 times.
You visited 2 bazaars.
You also visited: Sewer, Bailey and Ice Cave.

You collected 18928 gold pieces.
You spent 1324 gold pieces at shops.

Inventory:

Hand Weapons
 B - the +8 morningstar "Xietamux" (weapon) {speed, ^Fragile rF++ rC+ Str+3 Stlth+}
   (You took it off a merfolk on level 4 of the Shoals)

   Str+3:     It affects your strength (+3).
   rF++:      It greatly protects you from fire.
   rC+:       It protects you from cold.
   ^Fragile:  It will be destroyed if unequipped.
   Stlth+:    It makes you more stealthy.
 W - the +13 sceptre of Asmodeus
   (You took it off Asmodeus on level 7 of Gehenna)

   Fire Summon: It may summon demons of flame and damnation when striking foes.
 X - the +2 Maxwell's thermic engine {flame, freeze, rev}
   (You found it on level 7 of the Iron City of Dis)
Armour
 f - a +2 pair of gloves of dexterity (worn)
 j - the +2 cloak of Gravitas (worn) {Fly SInv}
   (You found it in Pandemonium)

   SInv:      It lets you see invisible.
   Fly:       It grants you flight.
 l - the orb of Dispater {+Damnation *Corrode AC+5}
   (You took it off Dispater on level 7 of the Iron City of Dis)

   +Damnation: It grants the ability to hurl damnation at the cost of health and
   magic, with strength depending on Evocations skill.
   AC+5:      It affects your AC (+5).
   *Corrode:  It may corrode you when you take damage.
 p - a +8 tower shield of reflection (worn)
 G - the +10 gold dragon scales of Gestures (worn) {^Drain Fly rPois rF+ rC+ rCorr}
   (You found it in a bailey)

   rF+:       It protects you from fire.
   rC+:       It protects you from cold.
   rPois:     It protects you from poison Fly: It grants you flight.
   rCorr:     It protects you from acid and corrosion.
   ^Drain:    It drains your maximum health when unequipped.
 H - a +2 pair of boots of rampaging (worn)
Jewellery
 b - the ring "Daideaq" {rN+ Will+}
   (You found it on level 3 of the Tomb of the Ancients)

   [ring of willpower]

   rN+:       It protects you from negative energy.
   Will+:     It increases your willpower.
 c - the ring of Wifigh {rPois Will- Int+6 Dex+4}
   (You found it on level 7 of Tartarus)

   [ring of intelligence]

   Int+6:     It affects your intelligence (+6).
   Dex+4:     It affects your dexterity (+4).
   rPois:     It protects you from poison Will-: It decreases your willpower.
 e - the amulet "Mausuo" {Spirit rN+ Dex+5}
   (You found it on level 7 of Tartarus)

   [amulet of guardian spirit]

   Spirit:    It causes incoming damage to be divided between your reserves of
   health and magic.
   Dex+5:     It affects your dexterity (+5).
   rN+:       It protects you from negative energy.
 s - the ring "Orid" {^Drain rElec rN+ Str+6 Int+3}
   (You took it off Antaeus on level 7 of Cocytus)

   [ring of positive energy]

   Str+6:     It affects your strength (+6).
   Int+3:     It affects your intelligence (+3).
   rElec:     It insulates you from electricity.
   rN+:       It protects you from negative energy.
   ^Drain:    It drains your maximum health when unequipped.
 t - the ring "Minuholl" {Str+4 Int+6}
   (You took it off a balrug on level 7 of Gehenna)

   [ring of intelligence]

   Str+4:     It affects your strength (+4).
   Int+6:     It affects your intelligence (+6).
 v - the ring "Moerr" (right hand) {Will+ EV+5 Str+3 Int-3 Dex+2}
   (You found it in Pandemonium)

   [ring of evasion]

   EV+5:      It affects your evasion (+5).
   Str+3:     It affects your strength (+3).
   Int-3:     It affects your intelligence (-3).
   Dex+2:     It affects your dexterity (+2).
   Will+:     It increases your willpower.
 J - an amulet of reflection (around neck)
 L - the ring "Dudum" (left hand) {rElec rF+ MP-9 Str+5}
   (You took it off a deep elf blademaster on level 3 of the Elven Halls)

   [ring of protection from fire]

   Str+5:     It affects your strength (+5).
   rF+:       It protects you from fire.
   rElec:     It insulates you from electricity.
   MP-9:      It affects your magic capacity (-9).
Talismans
 q - a talisman of death
Wands
 a - a wand of polymorph (31)
 y - a wand of charming (89)
 A - a wand of roots (135)
 D - a wand of digging (46)
 F - a wand of flame (166)
 K - a wand of mindburst (76)
 M - a wand of quicksilver (99)
Scrolls
 g - 4 scrolls of enchant armour
 i - 4 scrolls of amnesia
 k - a scroll of brand weapon
 m - 3 scrolls of torment
 o - 11 scrolls of fog
 u - 10 scrolls of teleportation
 w - 8 scrolls of revelation
 E - 15 scrolls of enchant weapon
 Q - 13 scrolls of vulnerability
 R - 13 scrolls of poison
 S - 12 scrolls of immolation
 T - a scroll of butterflies
 U - 2 scrolls of blinking
 V - 9 scrolls of fear
Potions
 x - 2 potions of heal wounds
 I - a potion of lignification
 O - a potion of enlightenment
 Y - a potion of resistance
 Z - 8 potions of mutation
Miscellaneous
 d - a figurine of a ziggurat
 z - the horn of Geryon
 N - a phantom mirror
 P - a phial of floods


   Skills:
 O Level 27 Fighting
 - Level 1.3(1.9) Short Blades
 - Level 1.9(2.1) Long Blades
 O Level 27 Maces & Flails
 - Level 0.9 Polearms
 - Level 1.0 Ranged Weapons
 - Level 1.2 Throwing
 + Level 25.1 Armour
 O Level 27 Dodging
 - Level 3.8 Stealth
 O Level 27 Shields
 - Level 1.0 Unarmed Combat
 - Level 1.0 Spellcasting
 - Level 1.5 Conjurations
 - Level 1.3 Hexes
 - Level 1.5 Summonings
 - Level 2.2 Necromancy
 - Level 1.0 Translocations
 - Level 0.5 Fire Magic
 - Level 1.0 Ice Magic
 - Level 1.2 Air Magic
 - Level 1.7 Earth Magic
 - Level 2.0 Alchemy
 O Level 27 Invocations
 - Level 20.0 Evocations
 - Level 23.0 Shapeshifting


You had 28 spell levels left.
You didn't know any spells.
Your spell library contained the following spells:

 Spells                   Type           Power      Damage    Failure   Level
 Necrotise                Necr           16%        1d4       47%         1
 Sandblast                Erth           6%         2d5       54%         1
 Sting                    Conj/Alch      16%        1d4       54%         1
 Magic Dart               Conj           12%        1d3       56%         1
 Summon Small Mammal      Summ           12%        N/A       56%         1
 Shock                    Conj/Air       12%        1d3       58%         1
 Slow                     Hex            12%        N/A       58%         1
 Apportation              Tloc           4%         N/A       63%         1
 Freeze                   Ice            8%         1d3       63%         1
 Foxfire                  Conj/Fire      8%         2x1d4     65%         1
 Cigotuvi's Dreadful Rot  Necr/Alch/Air  8%         N/A       67%         2
 Mercury Vapours          Alch/Air       6%         N/A       71%         2
 Searing Ray              Conj           6%         2d4       71%         2
 Jinxbite                 Hex            6%         N/A       75%         2
 Momentum Strike          Conj/Tloc      6%         3d8       75%         2
 Static Discharge         Conj/Air       6%         3-4/arc   75%         2
 Blink                    Tloc           4%         N/A       77%         2
 Ensorcelled Hibernation  Hex/Ice        4%         N/A       77%         2
 Lesser Beckoning         Tloc           4%         N/A       77%         2
 Fugue of the Fallen      Necr           4%         N/A       85%         3
 Vampiric Draining        Necr           4%         2d6       85%         3
 Passwall                 Erth           3%         N/A       89%         3
 Mephitic Cloud           Conj/Alch/Air  3%         N/A       90%         3
 Stone Arrow              Conj/Erth      6%         3d7       90%         3
 Call Canine Familiar     Summ           3%         N/A       91%         3
 Dazzling Flash           Conj/Hex       6%         N/A       91%         3
 Confusing Touch          Hex            3%         N/A       92%         3
 Sigil of Binding         Hex            3%         N/A       92%         3
 Tukima's Dance           Hex            3%         N/A       92%         3
 Hailstorm                Conj/Ice       3%         3d5       93%         3
 Summon Ice Beast         Ice/Summ       3%         N/A       93%         3
 Swiftness                Air            3%         N/A       93%         3
 Frozen Ramparts          Ice            4%         1d1       94%         3
 Gell's Gravitas          Tloc           2%         N/A       94%         3
 Teleport Other           Tloc           2%         N/A       94%         3
 Inner Flame              Hex/Fire       2%         N/A       95%         3
 Volatile Blastmotes      Fire/Tloc      4%         2d10      95%         3
 Anguish                  Hex/Necr       2%         N/A       99%         4
 Animate Dead             Necr           4%         N/A       99%         4
 Fulminant Prism          Conj/Alch      2%         3d5       99%         4
 Leda's Liquefaction      Alch/Erth      2%         N/A       99%         4
 Martyr's Knell           Necr/Summ      4%         N/A       99%         4
 Olgreb's Toxic Radiance  Alch           4%         N/A       99%         4
 Petrify                  Alch/Erth      4%         N/A       99%         4
 Airstrike                Air            1%         2d(1-17)  100%        4
 Animate Armour           Summ/Erth      6%         N/A       100%        4
 Brom's Barrelling Bould  Conj/Erth      3%         2d3       100%        4
 Cause Fear               Hex            1%         N/A       100%        4
 Dimensional Bullseye     Hex/Tloc       1%         N/A       100%        4
 Flame Wave               Conj/Fire      2%         2d4       100%        4
 Ignite Poison            Fire/Alch      3%         N/A       100%        4
 Iskenderun's Mystic Bla  Conj/Tloc      3%         2d3       100%        4
 Passage of Golubria      Tloc           2%         N/A       100%        4
 Sticky Flame             Fire/Alch      3%         2d4       100%        4
 Summon Blazeheart Golem  Fire/Summ      2%         N/A       100%        4
 Summon Lightning Spire   Summ/Air       3%         N/A       100%        4
 Vhi's Electric Charge    Tloc/Air       4%         N/A       100%        4
 Alistair's Intoxication  Alch           2%         N/A       100%        5
 Arcjolt                  Conj/Air       1%         1d11      100%        5
 Borgnjor's Vile Clutch   Necr/Erth      2%         N/A       100%        5
 Curse of Agony           Necr           4%         N/A       100%        5
 Fireball                 Conj/Fire      1%         3d3       100%        5
 Freezing Cloud           Conj/Ice/Air   1%         6-21      100%        5
 Irradiate                Conj/Alch      2%         3d12      100%        5
 Iskenderun's Battlesphe  Conj           3%         2d6       100%        5
 Lee's Rapid Deconstruct  Erth           1%         3d4*      100%        5
 Metabolic Englaciation   Hex/Ice        1%         N/A       100%        5
 Silence                  Hex/Air        1%         N/A       100%        5
 Summon Forest            Summ/Tloc      1%         N/A       100%        5
 Summon Mana Viper        Hex/Summ       3%         N/A       100%        5
 Yara's Violent Unravell  Hex/Alch       1%         3d3       100%        5
 Bombard                  Conj/Erth      1%         9d1       100%        6
 Death Channel            Necr           2%         N/A       100%        6
 Dispersal                Tloc           1%         N/A       100%        6
 Eringya's Noxious Bog    Alch           2%         4d6       100%        6
 Plasma Beam              Fire/Air       1%         2x1d11    100%        6
 Sculpt Simulacrum        Ice/Alch       1%         N/A       100%        6
 Starburst                Conj/Fire      1%         6d3       100%        6
 Summon Cactus Giant      Summ           1%         N/A       100%        6
 Haunt                    Necr/Summ      2%         N/A       100%        7
 Malign Gateway           Summ/Tloc      1%         N/A       100%        7
 Orb of Destruction       Conj           1%         9d5       100%        7
 Ozocubu's Refrigeration  Ice            1%         4d7       100%        7
 Spellforged Servitor     Conj/Summ      1%         N/A       100%        7
 Summon Hydra             Summ           1%         N/A       100%        7
 Discord                  Hex            1%         N/A       100%        8
 Ignition                 Fire           0%         3d3       100%        8
 Infestation              Necr           2%         N/A       100%        8
 Lehudib's Crystal Spear  Conj/Erth      1%         10d2      100%        8
 Maxwell's Capacitive Co  Air            1%         ∞         100%        8
 Summon Horrible Things   Summ           1%         N/A       100%        8
 Dragon's Call            Summ           1%         N/A       100%        9
 Polar Vortex             Ice            1%         N/A       100%        9


Dungeon Overview and Level Annotations

Branches:
Dungeon (15/15)            Temple (0/1) D:7            Lair (5/5) D:9
 Shoals (4/4) Lair:3        Snake (4/4) Lair:3        Slime (5/5) Lair:4
    Orc (2/2) D:9             Elf (3/3) Orc:2        Vaults (5/5) D:14
  Crypt (3/3) Vaults:2       Tomb (3/3) Crypt:3      Depths (4/4) D:15
   Hell (visited)             Dis (7/7) Hell            Geh (7/7) Hell
    Coc (7/7) Hell            Tar (7/7) Hell            Zot (5/5) Depths:4
  Sewer (visited)          Bailey (visited)           IceCv (visited)

Altars:
Ashenzari
Cheibriados
Dithmenos
Fedhas
Gozag
Hepliaklqana
Kikubaaqudgha
Makhleb
Nemelex Xobeh
Qazlal
Sif Muna
Vehumet
Xom
Yredelemnul
Jiyva

Shops:
D:7 (   D:9 :   D:10 =((*   D:11 (   D:13 !   Orc:2 :!(   Elf:1 [   Elf:2 !?
Snake:1 :*((   Snake:3 :=:   Vaults:1 =   Depths:1 :[

Portals:
Hell: Lair:5 Depths:1 Depths:2 Depths:3 Depths:4
Abyss: Depths:3 Depths:4
Pandemonium: Depths:2
Ziggurat: Depths:2

Annotations:
D:11 1 runed translucent door, december12's ghost, journeyman BaAr
D:14 1 runed translucent door
Elf:1 1 transporter
Crypt:2 3 runed translucent doors, exclusion: obsidian statue, Vailuoroe's ghost, veteran GrEE
Zot:5 3 transporters


Innate Abilities, Weirdness & Mutations

You have a pair of large horns on your head.
You are surrounded by a strong repulsion field. (EV +4, RMsl)
A powerful demonic guardian rushes to your aid.
You are powered by pain.
You are extremely robust. (+30% HP)
You are partially covered in large bone plates. (SH +4)
You occasionally shout uncontrollably at your foes.
Your movements are slightly less encumbered by armour. (ER -2)
You passively dampen the noise of your surroundings.


Message History

The hellion is heavily wounded.
The hellion gestures at you.
The sphere of damnation explodes!
The damnation engulfs you!!
You focus on the pain.
You feel agile all of a sudden.
The damnation engulfs the hellion.
The hellion completely resists.
You catch the helpless hellion completely off-guard!
You skewer the hellion like a kebab!!!
You kill the hellion!
You see here a +0 dagger.
Your Brimstone Fiend disappears in a puff of smoke!
You feel a little less mighty now.
There is a stone staircase leading down here.
You see here a +0 club.
An Ice Fiend comes into view.
You bludgeon the Ice Fiend!!
The Ice Fiend decays.
The Ice Fiend is moderately wounded.
You barely miss the Ice Fiend. You headbutt the Ice Fiend.
The Ice Fiend is moderately wounded.
You bludgeon the Ice Fiend!!
The Ice Fiend decays.
Your headbutt misses the Ice Fiend.
The Ice Fiend is heavily wounded.
You completely miss the Ice Fiend. You headbutt the Ice Fiend.
The Ice Fiend is heavily wounded.
You hit the Ice Fiend.
The Ice Fiend decays.
The Ice Fiend is heavily wounded.
You block the Ice Fiend's attack. x2
You hit the Ice Fiend.
The Ice Fiend decays.
You headbutt the Ice Fiend!
The Ice Fiend is severely wounded.
You hit the Ice Fiend but do no damage. Your headbutt misses the Ice Fiend.
The Ice Fiend is severely wounded.
You barely miss the Ice Fiend. You headbutt the Ice Fiend!
The Ice Fiend is almost dead.
You block the Ice Fiend's attack. x2
You sock the Ice Fiend!
The Ice Fiend decays.
You headbutt the Ice Fiend!
You kill the Ice Fiend!
There is a staircase leading out of the dungeon here.
You begin untransforming.
You continue untransforming. x3
You feel your undeath return to normal.
You have escaped!

###########################
..........................#
..........................#
##..####.####...#######...#
#..# #.# ##[..### #...# #..#
#.# #......# #...#
##..####.###......# #...#
.......#........@.#####...#
..........................#
.......#####......#####...#
.......# #####..# #...#
###.†### #..# #...#
###..###########..#####...####
..........................#..#
..........................#..#
########)##################..##


There were no monsters in sight!

Vanquished Creatures
  Cerebov (Pan)
  Antaeus (Coc:7)
  Asmodeus (Geh:7)
  the Royal Jelly (Slime:5)
  Gloorx Vloq (Pan)
  Ereshkigal (Tar:7)
  Mnoleg (Pan)
  the Serpent of Hell (Tar:7)
  Lom Lobon (Pan)
  2 seraphim
  Frederick (Vaults:5)
  15 pandemonium lords (Pan)
  11 dread liches
  Dispater (Dis:7)
  2 orbs of fire (Zot:5)
  9 ancient liches
  4 juggernauts
  Josephina (Crypt:1)
  38 royal mummies
  Boris (thrice) (Vaults:5 Depths:1 Tomb:2)
  Bai Suzhen (Shoals:3)
  3 Killer Klowns
  23 shard shrikes
  Margery (Vaults:4)
  30 caustic shrikes
  A curse toe (Zot:3)
  9 golden dragons
  Geryon (Hell)
  the Enchantress (Depths:4)
  23 bone dragons
  19 profane servitors
  The ghost of Ycago the Slayer, a veteran GrGl of Okawaru (Vaults:2)
  2 pearl dragons (Pan)
  16 doom hounds
  Norris (Vaults:3)
  38 Brimstone Fiends
  7 iron giants
  28 Tzitzimimeh
  An electric golem (Zot:5)
  4 shard shrike zombies
  A spectral shard shrike (Tar:6)
  25 Orb Guardians (Zot:5)
  13 hellephants
  24 tentacled monstrosities
  32 Ice Fiends
  29 Hell Sentinels
  2 walking frostbound tomes (Pan)
  20 tainted leviathans
  6 liches
  Asterion (Vaults:3)
  37 searing wretches
  3 deep elf blademasters
  19 titans
  25 acid blobs
  2 krakens
  Grunn (Zot:1)
  4 deep elf master archers
  10 sphinxes
  7 quicksilver dragons
  12 death cobs
  A walking divine tome (Depths:2)
  The ghost of Kave the Metamorph, an adept TrSh of Sif Muna (Elf:2)
  38 Executioners (Pan)
  5 tengu reavers
  42 ancient champions
  11 shadow dragons
  4 tentacled starspawn
  17 storm dragons
  Donald (Crypt:2)
  14 demonspawn warmongers (Pan)
  8 rockslimes
  2 fenstrider witches (Pan)
  A revenant (Crypt:2)
  Ilsuiw (Shoals:2)
  7 nagarajas
  9 frost giants
  2 draconian knights
  5 draconian monks
  15 daevas
  9 vault wardens
  7 deep elf sorcerers
  18 azure jellies
  6 draconian shifters
  23 narguns
  7 protean progenitors
  16 fire giants
  3 juggernaut zombies
  14 quicksilver elementals
  5 deep elf elementalists (Elf:3)
  6 curse skulls
  11 iron dragons
  A caustic shrike zombie (Crypt:2)
  10 draconian scorchers
  6 ghost moths
  57 balrugs
  13 shard shrike simulacra
  2 spectral caustic shrikes
  5 ghouls
  44 cacodemons (Pan)
  20 ironbound preservers
  10 draconian annihilators
  An orc warlord (Vaults:4)
  16 quicksilver oozes
  26 angels
  4 draconian stormcallers
  15 stone giants
  5 broodmothers
  39 reapers
  The ghost of Istren the Grappler, a journeyman TrSh of Sif Muna (Lair:2)
  14 ophanim (Pan)
  13 demonspawn corrupters (Pan)
  5 caustic shrike skeletons (Pan)
  17 demonspawn blood saints (Pan)
  12 very ugly things
  4 formless jellyfish
  7 spriggan defenders
  20 demonspawn black suns
  8 vampire knights
  10 deep elf demonologists
  5 ironbound thunderhulks
  9 black draconians
  12 green draconians
  31 putrid mouths
  4 spark wasps (Depths:2)
  13 bennus
  21 apis (Pan)
  3 juggernaut skeletons
  20 elemental wellsprings
  11 deep elf annihilators
  5 deep elf death magi
  7 purple draconians
  11 yellow draconians
  A minotaur (Lair:2)
  45 war gargoyles
  15 lorocyprocas
  A spectral titan (Tar:3)
  11 red draconians
  10 white draconians
  9 dire elephants
  23 wendigos
  A quicksilver dragon zombie (Crypt:3)
  2 spectral quicksilver dragons
  10 eidola
  40 blizzard demons
  5 ettins
  11 merfolk impalers
  17 jiangshi
  5 fire dragons
  16 iron golems
  5 crystal guardians
  An entropy weaver (Vaults:4)
  6 merfolk javelineers (Shoals:4)
  22 mummy priests
  24 green deaths
  A spectral golden dragon (Tar:6)
  4 deep elf high priests
  11 yaktaur captains
  An entropy weaver (shapeshifter) (D:15)
  3 spectral spriggans
  8 ice dragons
  A quicksilver dragon skeleton (Crypt:3)
  14 hell beasts
  28 vault guards
  4 salamander tyrants
  5 spriggan air magi
  10 caustic shrike simulacra
  4 juggernaut simulacra
  5 hydras
  3 spriggan zombies
  12 rakshasas
  4 peacekeepers
  8 great orbs of eyes
  3 spriggan skeletons
  3 ironbound frosthearts
  An ogre mage (D:15)
  10 stokers
  2 merfolk avatars
  7 boulder beetles
  4 catoblepae
  3 death knights
  A spectral stone giant (Tar:1)
  An alligator snapping turtle (Shoals:4)
  14 anacondas
  28 dancing weapons
  5 merfolk aquamancers
  6 two-headed ogres
  5 centaur warriors
  A fenstrider witch skeleton (Crypt:1)
  11 death yaks
  8 tengu warriors
  2 satyrs (Pan)
  17 deep troll shamans
  17 naga warriors
  27 death scarabs
  3 titan zombies
  14 deep troll earth magi
  30 demonic crawlers
  4 spriggan berserkers
  7 vampire magi
  14 naga sharpshooters
  6 shock serpents
  Urug (Lair:2)
  8 orc high priests
  An occultist (Lair:5)
  A holy swine (Zot:1)
  21 deep elf knights
  48 hell hogs
  19 hell knights
  5 wretched stars
  Sonja (D:12)
  133 sun demons
  17 crystal echidnas
  102 soul eaters
  11 skysharks
  Nergalle (Lair:3)
  11 iron trolls
  47 sixfirhies
  A spark wasp zombie (Depths:1)
  8 salamander mystics
  A golden dragon zombie (Depths:2)
  10 shadow wraiths
  14 cherubim
  6 sea snakes
  A spatial maelstrom (Abyss:4)
  4 spectral anacondas
  3 goliath frogs (Pan)
  88 large abominations
  47 skeletal warriors
  14 mana vipers
  47 shadow demons
  An anaconda zombie (Tar:6)
  94 deep trolls
  6 arcanists
  2 quicksilver dragon simulacra
  6 deep elf archers
  5 hellephant skeletons (Pan)
  6 naga ritualists
  2 spectral iron dragons
  8 sun moths (Pan)
  5 glowing orange brains
  5 spriggan simulacra
  5 flayed ghosts
  11 lindwurms
  2 death drakes
  14 phantasmal warriors
  2 steelbarb worms (Vaults:5)
  14 harpies
  3 orange crystal statues
  3 anaconda skeletons
  A bog body (Crypt:1)
  17 necromancers
  13 ironbound convokers
  15 deep elf zephyrmancers
  A frost giant zombie (Depths:1)
  A fire giant zombie (Depths:1)
  A stone giant zombie (Crypt:3)
  A wolf spider zombie (D:15)
  24 ugly things
  17 deep elf pyromancers
  2 orc sorcerers
  12 orc knights
  2 fauns (shapeshifter)
  6 shining eyes
  4 wolf spiders
  6 cyclopes
  28 salamanders
  A tengu skeleton (Depths:2)
  An elephant (shapeshifter) (Vaults:5)
  2 fauns
  A salamander (shapeshifter) (D:12)
  16 manticores
  A goliath frog skeleton (Crypt:2)
  25 moths of wrath
  A worldbinder (Abyss:3)
  An oklob plant (Lair:5)
  7 water nymphs
  4 Executioner simulacra (Pan)
  A dire elephant zombie (Crypt:3)
  A fire giant skeleton (Crypt:1)
  6 eyes of devastation
  16 vault sentinels
  2 elephants
  3 titan simulacra
  6 gargoyles
  A kobold blastminer (Orc:2)
  6 merfolk sirens
  10 ice statues
  2 centaur zombies
  10 rust devils
  34 black mambas
  8 guardian serpents
  3 unseen horrors
  A white draconian zombie (Crypt:1)
  4 stone giant skeletons
  51 orange demons (Pan)
  A storm dragon simulacrum (Coc:1)
  5 molten gargoyles (Hell)
  111 smoke demons
  11 spectral swamp worms (Tar:7)
  17 cane toads
  25 naga magi
  A dire elephant skeleton (Tomb:1)
  A torpor snail (Vaults:5)
  An eye of devastation (shapeshifter) (Elf:2)
  32 hellions
  A centaur skeleton (D:15)
  A spectral sea snake (Snake:1)
  5 iron giant simulacra
  26 yaktaurs
  9 anaconda simulacra
  43 tormentors
  5 komodo dragons
  6 catoblepas skeletons
  28 ice devils
  6 rime drakes
  A red draconian skeleton (Crypt:2)
  13 efreet (Pan)
  An ancient zyme (Abyss:3)
  8 freezing wraiths
  A golden dragon simulacrum (Coc:5)
  2 harpy zombies
  6 tengu conjurers
  4 hydra zombies
  15 red devils
  A silent spectre (Tar:2)
  44 guardian mummies
  5 spectral nagas
  14 hellwings
  2 queen bees
  6 tyrant leeches
  A hornet (Depths:3)
  17 merfolk
  A sea snake skeleton (Hell)
  3 spectral harpies
  7 wind drakes
  3 polar bears
  4 trolls
  A merfolk (shapeshifter) (Elf:1)
  A harpy skeleton (Tomb:1)
  2 ettin zombies (Depths:1)
  3 saltlings (Elf:2)
  2 hydra skeletons
  A spectral guardian serpent (Snake:1)
  A tarantella (Vaults:5)
  2 iron dragon simulacra
  5 snapping turtles
  A boulder beetle zombie (Crypt:2)
  4 raiju (Abyss:3)
  22 blink frogs
  A glass eye (shapeshifter) (Depths:4)
  96 slime creatures
  3 dream sheep
  5 glass eyes
  2 stone giant simulacra
  A culicivora (Vaults:5)
  2 guardian serpent skeletons (Snake:1)
  A jumping spider (Tomb:2)
  A culicivora (shapeshifter) (D:14)
  3 naga simulacra
  5 spriggans
  A vampire (D:11)
  63 ynoxinuls
  A shapeshifter (Shoals:2)
  6 wyverns
  3 air elementals
  An ettin skeleton (Crypt:3)
  14 water elementals
  7 wraiths
  2 shadows
  46 yaks
  2 fire bats
  6 dire elephant simulacra
  5 fire elementals
  10 wargs (Orc:2)
  A hog (shapeshifter) (D:13)
  3 steam dragons
  An alligator snapping turtle simulacrum (Coc:3)
  43 neqoxecs
  18 ushabtiu
  8 golden eyes
  A redback (shapeshifter) (Depths:2)
  13 redbacks
  9 basilisks
  8 vampire mosquitoes
  2 sea snake simulacra (Hell)
  14 spatial vortices (Abyss:4)
  58 chaos spawn
  63 nagas
  23 harpy simulacra
  4 swamp worms
  A deep troll zombie (Crypt:3)
  6 acid dragons
  A golden eye (shapeshifter) (Vaults:5)
  3 naga skeletons
  16 water moccasins
  A glowing shapeshifter skeleton (Depths:1)
  5 hell hounds (Lair:5)
  10 hydra simulacra
  A water nymph skeleton (Crypt:1)
  3 black bears
  2 ice beasts
  39 orc warriors
  2 sky beasts
  3 ettin simulacra (Coc:2)
  8 ogres
  18 wolves
  3 centaurs
  40 laughing skulls
  A tengu (Shoals:2)
  A blink frog skeleton (Crypt:2)
  A lemure (Pan)
  A phantom (D:6)
  A lindwurm skeleton (Crypt:2)
  2 weeping skulls (Abyss:3)
  2 brain worms (Sewer)
  13 bullfrogs
  5 small abominations
  12 earth elementals
  3 necrophages
  A draconian skeleton (Crypt:1)
  A cane toad simulacrum (IceCv)
  3 scorpions
  19 wights
  An elephant simulacrum (Lair:1)
  39 killer bees
  4 howler monkeys
  2 electric eels
  5 crimson imps
  2 lava snakes (Lair:3)
  17 jellies
  4 hounds
  3 gnoll boudas
  18 orc priests
  2 sleepcaps (D:7)
  8 iguanas
  Natasha (twice) (D:3)
  Terence (D:2)
  18 orc wizards
  A troll simulacrum (IceCv)
  A naga zombie (Crypt:1)
  An ogre zombie (Crypt:2)
  52 mummies
  11 gnolls
  13 adders
  2 river rats (Lair:2)
  A steam dragon zombie (Crypt:1)
  A shadow imp (Pan)
  6 white imps
  6 ufetubi
  3 ribbon worms
  6 dart slugs
  86 orcs
  13 ball pythons
  5 bats
  A bat skeleton (Crypt:1)
  11 endoplasms
  7 giant cockroaches
  17 goblins
  6 hobgoblins
  11 jackals
  8 kobolds
  3 quokkas
  A bombardier beetle zombie (Crypt:1)
  7 frilled lizards
  8 rats
  An aspiring flesh (Pan)
  9 fire vortices
  A lurking horror (Pan)
  A starspawn tentacle (Abyss:4)
  4 tentacles
5079 creatures vanquished.

Vanquished Creatures (collateral kills)
  An ancient lich (Geh:5)
  A shard shrike (Coc:3)
  A Killer Klown (Zot:3)
  A caustic shrike (Dis:4)
  2 golden dragons (Vaults:5)
  Jory (Vaults:4)
  A Tzitzimitl (Tar:7)
  An iron giant (Dis:6)
  A tentacled monstrosity (Vaults:5)
  An electric golem (Zot:5)
  3 Brimstone Fiends (Pan)
  A tainted leviathan (Tar:7)
  An acid blob (Slime:5)
  A walking frostbound tome (Pan)
  A deep elf blademaster (Elf:2)
  2 Executioners
  An ancient champion (Tomb:3)
  2 storm dragons
  2 rockslimes (Slime:5)
  A fire giant (Vaults:5)
  A demonspawn warmonger (Pan)
  An azure jelly (Slime:5)
  3 daevas (Pan)
  A quicksilver elemental (Dis:7)
  2 balrugs (Pan)
  4 vault wardens
  2 ironbound preservers
  A cacodemon (Pan)
  A demonspawn blood saint (Pan)
  A ghoul (Crypt:1)
  A quicksilver ooze (Slime:5)
  A vampire knight (Crypt:2)
  A putrid mouth (Tar:3)
  3 wendigos (Coc:7)
  2 lorocyprocas (Pan)
  4 demonspawn black suns (Pan)
  A red draconian (Zot:5)
  A purple draconian (Zot:3)
  Snorg (D:11)
  An iron golem (Dis:7)
  A blizzard demon (Pan)
  2 jiangshi (Crypt:2)
  A spectral kraken (Tar:7)
  2 great orbs of eyes
  A caustic shrike simulacrum (Coc:7)
  A rakshasa (Pan)
  2 salamander tyrants
  A spriggan air mage (Depths:2)
  A stoker (Geh:2)
  An alligator snapping turtle (Shoals:2)
  2 anacondas
  An ironbound frostheart (Vaults:4)
  2 two-headed ogres (D:15)
  A deep troll shaman (Depths:3)
  A shock serpent (Snake:4)
  A hell hog (Geh:5)
  2 naga warriors
  A demonic crawler (Pan)
  5 sun demons
  A deep elf knight (Elf:2)
  4 dancing weapons (Elf:2)
  A naga sharpshooter (Snake:2)
  2 spriggans (Depths:2)
  4 skeletal warriors
  3 sixfirhies (Pan)
  A cherub (Shoals:4)
  A quicksilver dragon simulacrum (Coc:7)
  4 deep trolls
  A mana viper (Snake:2)
  A deep elf archer (Elf:2)
  A harpy (Shoals:1)
  3 ironbound convokers
  A deep elf zephyrmancer (Elf:2)
  A deep elf pyromancer (Elf:2)
  3 salamanders
  2 moths of wrath
  A spectral alligator snapping turtle (Tar:3)
  2 merfolk sirens (Shoals:2)
  A guardian serpent (Snake:4)
  2 vault sentinels
  A black mamba (Snake:2)
  A spectral swamp worm (Tar:7)
  6 orange demons
  7 smoke demons (Pan)
  A hellion (Pan)
  A freezing wraith (Vaults:5)
  2 ice devils
  An anaconda simulacrum (Coc:3)
  A guardian mummy (Tomb:2)
  A tengu conjurer (D:15)
  A wolf spider (shapeshifter) (Vaults:5)
  A tormentor (Geh:5)
  2 hellwings (Pan)
  2 hornets (Depths:2)
  A merfolk (Shoals:2)
  2 slime creatures
  A ynoxinul (Pan)
  A chaos spawn (Pan)
  A wind drake skeleton (Crypt:2)
  5 nagas
  2 harpy simulacra (Coc:5)
  A naga skeleton (Snake:1)
  4 laughing skulls
  An orc warrior (Orc:2)
  An ettin simulacrum (Coc:3)
  An ogre (D:15)
  A necrophage (Crypt:1)
  A killer bee (Lair:2)
  A bombardier beetle (Snake:2)
  An orc priest (D:9)
  Natasha (D:3)
  2 mummies (Tomb:2)
  An adder (D:4)
  2 river rats
  3 orcs
  A jackal (D:4)
  A kobold (D:4)
  4 fire vortices
  A tentacle (Tar:7)
197 creatures vanquished.

Vanquished Creatures (others)
  A caustic shrike (Dis:6)
  A hellephant (Geh:6)
  An eldritch tentacle (Pan)
  A draconian knight (Zot:4)
  A fire giant (Geh:1)
  3 shard shrike simulacra
  A cacodemon (Pan)
  A draconian annihilator (Zot:4)
  2 demonspawn blood saints (Pan)
  3 elemental wellsprings
  A wendigo (Geh:5)
  An ettin (Depths:4)
  A blizzard demon (Geh:5)
  A caustic shrike simulacrum (Coc:7)
  A juggernaut simulacrum (Coc:5)
  A dancing weapon (Elf:2)
  A naga warrior (Snake:4)
  A spriggan berserker (Depths:4)
  A sun demon (Pan)
  A sixfirhy (Pan)
  A salamander mystic (Snake:2)
  2 quicksilver dragon simulacra
  A glowing orange brain (Pan)
  A shadow demon (Geh:5)
  5 spriggan simulacra
  A naga ritualist (Snake:4)
  A deep elf zephyrmancer (Elf:2)
  A harpy (Shoals:1)
  2 deep elf pyromancers (Elf:2)
  A titan simulacrum (Coc:2)
  A naga mage (Snake:2)
  2 smoke demons (Pan)
  A hellion (Pan)
  An orange demon (Pan)
  2 anaconda simulacra (Coc:7)
  2 hellwings (Pan)
  2 centaur simulacra (Crypt:2)
  A water elemental (Depths:3)
  A dire elephant simulacrum (Coc:6)
  2 alligator snapping turtle simulacra (Coc:3)
  2 chaos spawn (Pan)
  A neqoxec (Pan)
  4 harpy simulacra
  2 nagas (Snake:1)
  2 ettin simulacra
  A naga simulacrum (Crypt:2)
  2 killer bees (D:8)
  A cerulean imp (Geh:5)
  An ufetubus (D:7)
  9 ball lightnings (Pan)
  13 creeping infernos
  4 fire vortices
  2 lurking horrors
  7 starspawn tentacles
  16 tentacles
123 creatures vanquished.

Grand Total: 5399 creatures vanquished

Notes
Turn   | Place    | Note
-------+----------+-------------------------------------------
     0 | D:1      | PidgeyThePirate the Demonspawn Fighter began the quest for
                  | the Orb.
     0 | D:1      | Reached XP level 1. HP: 18/18 MP: 1/1
   128 | D:1      | Reached skill level 1 in Invocations
   140 | D:1      | Gained mutation: You sometimes gain a little power by
                  | taking damage. [demonic ancestry]
   140 | D:1      | Reached XP level 2. HP: 17/24 MP: 2/2
   507 | D:1      | Gained mutation: A weak demonic guardian rushes to your
                  | aid. [demonic ancestry]
   507 | D:1      | Reached XP level 3. HP: 18/29 MP: 4/4
   896 | D:2      | Noticed Terence
   903 | D:2      | Killed Terence
   904 | D:2      | Reached XP level 4. HP: 24/35 MP: 4/6
  1635 | D:3      | Noticed Natasha
  1645 | D:3      | Killed Natasha
  1646 | D:3      | Gained mutation: You have a pair of small horns on your
                  | head. [demonic ancestry]
  1646 | D:3      | Reached XP level 5. HP: 39/41 MP: 5/7
  1774 | D:3      | Noticed Natasha
  1784 | D:3      | Found a shadowy altar of Dithmenos.
  1793 | D:3      | Killed Natasha
  1924 | D:3      | Noticed Natasha
  1933 | D:3      | Killed Natasha
  2341 | D:4      | Gained mutation: You are surrounded by a mild repulsion
                  | field. (EV +2) [demonic ancestry]
  2341 | D:4      | Reached XP level 6. HP: 45/48 MP: 8/8
  2974 | D:5      | Entered Level 5 of the Dungeon
  3047 | D:5      | Reached XP level 7. HP: 26/54 MP: 7/10
  3173 | D:5      | Reached skill level 5 in Maces & Flails
  3250 | D:5      | Found a glowing drain.
  3434 | Sewer    | Entered a sewer
  3535 | Sewer    | Reached skill level 1 in Dodging
  3861 | D:5      | Reached skill level 5 in Invocations
  4125 | D:5      | Gained mutation: You have a pair of horns on your head.
                  | [demonic ancestry]
  4125 | D:5      | Reached XP level 8. HP: 51/60 MP: 7/11
  4386 | D:5      | Found the ring of the Octopus King
  4401 | D:5      | Identified a ring of the Octopus King {Wiz HP+2 AC+2 EV+2
                  | SH+2}
  5086 | D:6      | Found a basalt altar of Yredelemnul.
  5328 | D:6      | Found a stormy altar of Qazlal.
  5329 | D:6      | Found a burning altar of Makhleb.
  5331 | D:6      | Found a sparkling altar of Nemelex Xobeh.
  5418 | D:6      | Became a worshipper of Nemelex Xobeh the Trickster
  5461 | D:7      | Found Enyruw's Antique Weapon Boutique.
  5553 | D:7      | Reached XP level 9. HP: 47/66 MP: 11/13
  6181 | D:7      | Found a staircase to the Ecumenical Temple.
  6216 | D:7      | Found a shimmering blue altar of Sif Muna.
  6266 | D:7      | Found a broken altar of Ashenzari.
  6425 | D:7      | Reached skill level 5 in Fighting
  6575 | D:7      | Found a hazy altar of Hepliaklqana.
  6744 | D:8      | Reached * piety under Nemelex Xobeh
  6843 | D:8      | Reached skill level 5 in Shields
  6870 | D:8      | Found a flagged portal.
  6898 | Bailey   | Entered a bailey
  7115 | Bailey   | Noticed an orc knight
  7299 | Bailey   | Killed an orc knight
  7300 | Bailey   | Gained mutation: You have a pair of large horns on your
                  | head. [demonic ancestry]
  7300 | Bailey   | Reached XP level 10. HP: 53/74 MP: 11/16
  7313 | Bailey   | Found the +3 greatsling "Punk" {acid, rCorr}
  7322 | Bailey   | Noticed an orc knight
  7329 | Bailey   | Killed an orc knight
  7330 | Bailey   | Reached skill level 5 in Armour
  7364 | Bailey   | Identified the +10 gold dragon scales of Gestures {^Drain
                  | Fly rPois rF+ rC+ rCorr}
  7479 | D:8      | Received a gift from Nemelex Xobeh
  7486 | D:8      | Found a shimmering altar of Xom.
  7535 | D:8      | Noticed a cyclops
  7547 | D:8      | Killed a cyclops
  8114 | D:8      | Found a blossoming altar of Fedhas.
  8384 | D:9      | Reached ** piety under Nemelex Xobeh
  8438 | D:9      | Reached skill level 10 in Maces & Flails
  8616 | D:9      | Found a staircase to the Lair.
  8656 | D:9      | Found a staircase to the Orcish Mines.
  9103 | D:9      | Found a radiant altar of Vehumet.
  9399 | D:9      | Found Nirhoara's Book Emporium.
  9425 | D:10     | Entered Level 10 of the Dungeon
  9477 | D:10     | Found Syrr's Jewellery Shop.
  9737 | D:10     | Received a gift from Nemelex Xobeh
  9883 | D:10     | Found Yfoggogo's Antique Weapon Shoppe.
  9901 | D:10     | Found Byjar's Weapon Boutique.
  9918 | D:10     | Reached XP level 11. HP: 81/81 MP: 17/17
  9920 | D:10     | Reached *** piety under Nemelex Xobeh
  9950 | D:10     | Found Cuyd's Assorted Antiques.
  9951 | D:10     | Received a gift from Nemelex Xobeh
 10264 | D:11     | Noticed Snorg
 10280 | D:11     | Killed Snorg
 10389 | D:11     | Reached skill level 1 in Stealth
 10729 | D:11     | Found a runed translucent door.
 10730 | D:11     | Noticed december12's ghost (journeyman BaAr)
 10992 | D:11     | Found Yleucw's Weapon Boutique.
 11032 | D:11     | Noticed a boulder beetle
 11061 | D:11     | Killed a boulder beetle
 11269 | D:11     | Received a gift from Nemelex Xobeh
 11324 | D:11     | Reached **** piety under Nemelex Xobeh
 11564 | D:12     | Found a shimmering altar of Xom.
 11656 | D:12     | Noticed Sonja
 11661 | D:12     | Killed Sonja
 11670 | D:12     | Reached skill level 10 in Invocations
 11778 | D:12     | Noticed a two-headed ogre
 11797 | D:12     | Killed a two-headed ogre
 11969 | D:12     | Noticed a two-headed ogre
 11978 | D:12     | Killed a two-headed ogre
 12163 | D:12     | You are sucked into a shaft and drop 3 floors!
 12163 | D:15     | Entered Level 15 of the Dungeon
 12410 | D:14     | Gained mutation: You are robust. (+10% HP) [demonic
                  | ancestry]
 12410 | D:14     | Reached XP level 12. HP: 51/97 MP: 10/19
 12592 | D:14     | Received a gift from Nemelex Xobeh
 12601 | D:14     | Found a gate to the Vaults.
 12601 | D:14     | Noticed a sphinx
 12622 | D:14     | Killed a sphinx
 12887 | D:13     | Noticed a centaur warrior
 12900 | D:13     | Killed a centaur warrior
 13107 | D:12     | Received a gift from Nemelex Xobeh
 13540 | D:12     | Noticed a two-headed ogre
 13546 | D:12     | Killed a two-headed ogre
 14130 | D:13     | Found Ozocuq's Distillery.
 14153 | D:13     | Noticed a boulder beetle
 14183 | D:13     | Killed a boulder beetle
 14318 | D:13     | Noticed a seven-headed hydra
 14353 | D:13     | Noticed a six-headed hydra
 14362 | D:13     | Killed a six-headed hydra
 14530 | D:13     | Reached ***** piety under Nemelex Xobeh
 14811 | D:13     | Received a gift from Nemelex Xobeh
 14923 | D:13     | Noticed a centaur warrior
 14931 | D:13     | Killed a centaur warrior
 14932 | D:13     | Reached XP level 13. HP: 104/105 MP: 21/21
 15478 | D:14     | Found a runed translucent door.
 15482 | D:14     | Noticed a balrug
 16890 | D:15     | Received a gift from Nemelex Xobeh
 17151 | D:15     | Found a staircase to the Depths.
 17442 | Lair:1   | Entered Level 1 of the Lair of Beasts
 17442 | Lair:1   | Found a frozen archway.
 17455 | IceCv    | Entered an ice cave
 17540 | IceCv    | Gained mutation: You are surrounded by a moderate repulsion
                  | field. (EV +3) [demonic ancestry]
 17540 | IceCv    | Reached XP level 14. HP: 49/116 MP: 17/24
 17811 | IceCv    | Noticed a reaper
 17824 | IceCv    | Killed a reaper
 17825 | IceCv    | Reached skill level 10 in Shields
 17949 | Lair:1   | Received a gift from Nemelex Xobeh
 19112 | Lair:2   | Received a gift from Nemelex Xobeh
 19604 | Lair:2   | Received a gift from Nemelex Xobeh
 19718 | Lair:2   | Found a runed translucent gate.
 19718 | Lair:2   | Found a runed translucent gate.
 19719 | Lair:2   | Found a runed translucent gate.
 19731 | Lair:2   | Noticed Istren's ghost (journeyman TrSh)
 19789 | Lair:2   | Killed Istren's ghost
 20014 | Lair:2   | Noticed Urug
 20034 | Lair:2   | Killed Urug
 20041 | Lair:2   | Reached skill level 10 in Armour
 20616 | Lair:2   | Received a gift from Nemelex Xobeh
 21040 | Lair:3   | Noticed Nergalle
 21052 | Lair:3   | Reached skill level 10 in Fighting
 21057 | Lair:3   | Killed Nergalle
 21232 | Lair:3   | Received a gift from Nemelex Xobeh
 21456 | Lair:3   | Found a staircase to the Shoals.
 21665 | Lair:3   | Found a staircase to the Snake Pit.
 21924 | Snake:1  | Entered Level 1 of the Snake Pit
 22272 | Snake:1  | Found Laasoos's Book Shop.
 22326 | Snake:1  | HP: 6/122 [black mamba[a naga ritualist] (5)]
 22378 | Snake:1  | Reached skill level 15 in Invocations
 22571 | Snake:1  | Gained mutation: You sometimes gain power by taking damage.
                  | [demonic ancestry]
 22571 | Snake:1  | Reached XP level 15. HP: 95/128 MP: 24/26
 22822 | Snake:1  | Received a gift from Nemelex Xobeh
 23276 | Snake:1  | Found a shimmering blue altar of Sif Muna.
 23396 | Snake:1  | Found Raasoll's Antique Weapon Boutique.
 23645 | Snake:1  | Found Qesyrhis's Weapon Shop.
 23755 | Snake:1  | HP: 6/128 [poisoned by naga (concentrated venom)]
 24201 | Snake:1  | Found Ytanaqer's Assorted Antiques.
 24685 | Lair:3   | Received a gift from Nemelex Xobeh
 25092 | Lair:4   | Received a gift from Nemelex Xobeh
 25290 | Lair:4   | Reached ****** piety under Nemelex Xobeh
 25298 | Lair:4   | Found a viscous altar of Jiyva.
 25306 | Lair:4   | Found a staircase to the Slime Pits.
 25484 | Lair:4   | Received a gift from Nemelex Xobeh
 25727 | Lair:5   | Entered Level 5 of the Lair of Beasts
 26723 | Lair:5   | Found the +8 demon blade "Leech" {evervamp, Harm ^Drain
                  | rN+}
 26880 | Lair:5   | Received a gift from Nemelex Xobeh
 27512 | Lair:5   | Found a burning altar of Makhleb.
 27562 | Lair:5   | Gained mutation: You are powered by pain. [demonic
                  | ancestry]
 27562 | Lair:5   | Reached XP level 16. HP: 65/138 MP: 16/28
 27754 | Lair:5   | Found a gateway to Hell.
 29789 | Snake:2  | Received a gift from Nemelex Xobeh
 31927 | Orc:1    | Entered Level 1 of the Orcish Mines
 32140 | Orc:1    | Received a gift from Nemelex Xobeh
 32392 | Orc:2    | Entered Level 2 of the Orcish Mines
 32392 | Orc:2    | Found a staircase to the Elven Halls.
 33208 | Orc:2    | Found Nuteskiucs's Weapon Emporium.
 33248 | Orc:2    | Found Xach's Distillery.
 33433 | Orc:2    | Found Forix's Book Shoppe.
 33761 | Orc:1    | Received a gift from Nemelex Xobeh
 33979 | Snake:1  | You are sucked into a shaft and drop 1 floor!
 34203 | Snake:3  | Reached XP level 17. HP: 114/148 MP: 24/29
 34515 | Snake:3  | Found a shimmering altar of Xom.
 34778 | Snake:3  | Reached skill level 15 in Shields
 34969 | Snake:3  | Found Vomeol's Book Shop.
 34969 | Snake:3  | Found Efykk's Jewellery Emporium.
 34971 | Snake:3  | Found Fool's Book Shop.
 35254 | Snake:2  | HP: 7/148 [poisoned by naga ritualist (concentrated venom)]
 35597 | Snake:3  | Reached skill level 1 in Shapeshifting
 36500 | Snake:4  | Entered Level 4 of the Snake Pit
 36536 | Snake:4  | Received a gift from Nemelex Xobeh
 36602 | Snake:4  | Reached skill level 1 in Evocations
 36606 | Snake:4  | Reached skill level 1 in Necromancy
 37516 | Snake:4  | Reached skill level 1 in Earth Magic
 37516 | Snake:4  | Reached skill level 1 in Alchemy
 37624 | Snake:4  | Reached skill level 1 in Long Blades
 37636 | Snake:4  | Reached skill level 1 in Summonings
 37920 | Snake:4  | Reached skill level 5 in Shapeshifting
 38210 | Snake:4  | Reached skill level 1 in Throwing
 38371 | Snake:4  | Reached skill level 1 in Conjurations
 38448 | Snake:4  | Reached skill level 1 in Translocations
 38558 | Snake:4  | Reached skill level 1 in Short Blades
 38861 | Snake:4  | Reached skill level 1 in Air Magic
 39212 | Snake:4  | Got a serpentine rune of Zot
 39584 | Snake:4  | Reached skill level 1 in Ice Magic
 39622 | Snake:4  | Reached skill level 1 in Hexes
 40061 | Shoals:1 | Entered Level 1 of the Shoals
 40063 | Shoals:1 | Received a gift from Nemelex Xobeh
 40108 | Shoals:1 | Reached XP level 18. HP: 115/156 MP: 28/31
 40112 | Shoals:1 | Reached skill level 1 in Unarmed Combat
 40126 | Shoals:1 | Reached skill level 1 in Spellcasting
 40219 | Shoals:1 | Reached skill level 1 in Ranged Weapons
 40392 | Shoals:1 | Found a flickering gateway to a bazaar.
 40404 | Bazaar   | Entered a bazaar
 40404 | Bazaar   | Found Sythruera's Armour Boutique.
 40649 | Bazaar   | Found Hakhleshru's Book Emporium.
 40672 | Bazaar   | Found Yxobid's Assorted Antiques.
 40708 | Bazaar   | Found Ruuroin's Armour Shop.
 40712 | Bazaar   | Bought a +2 pair of gloves for 148 gold pieces
 40772 | Bazaar   | Bought a scroll of teleportation for 99 gold pieces
 40772 | Bazaar   | Bought 2 potions of might for 264 gold pieces
 41378 | Shoals:1 | Received a gift from Nemelex Xobeh
 42066 | Shoals:2 | Noticed Polyphemus
 42071 | Shoals:2 | Polyphemus changed into Polyphemus the broodmother
 42071 | Shoals:2 | Noticed Polyphemus
 42080 | Shoals:2 | Killed Polyphemus the broodmother
 42606 | Shoals:2 | Noticed Ilsuiw
 42943 | Shoals:2 | Killed Ilsuiw
 43577 | Shoals:2 | Received a gift from Nemelex Xobeh
 44076 | Shoals:3 | Received a gift from Nemelex Xobeh
 44092 | Shoals:3 | Noticed Bai Suzhen
 44133 | Shoals:3 | Killed Bai Suzhen
 44134 | Shoals:3 | Reached skill level 10 in Shapeshifting
 44755 | Shoals:4 | Entered Level 4 of the Shoals
 44813 | Shoals:4 | Received a gift from Nemelex Xobeh
 45655 | Shoals:4 | Identified the +11 scimitar "Osampifroc" {flame, rElec rF-
                  | Int+5 Stlth+}
 45692 | Shoals:4 | Identified the +8 morningstar "Xietamux" {speed, ^Fragile
                  | rF++ rC+ Str+3 Stlth+}
 46136 | Shoals:4 | Got a barnacled rune of Zot
 46862 | Shoals:4 | Identified the ring of Dim Light {EV+5 Str-2 Int+3 Slay+2}
 47390 | Elf:1    | Entered Level 1 of the Elven Halls
 47451 | Elf:1    | Received a gift from Nemelex Xobeh
 47452 | Elf:1    | Found a transporter.
 47454 | Elf:1    | Found Suwkay's Antique Armour Boutique.
 47549 | Elf:1    | Paralysed by an air elemental for 1 turns
 47753 | Elf:1    | You are sucked into a shaft and drop 1 floor!
 47755 | Elf:2    | Reached XP level 19. HP: 162/162 MP: 23/32
 47792 | Elf:2    | Found a huge runed translucent gate.
 47792 | Elf:2    | Found a huge runed translucent gate.
 47792 | Elf:2    | Found a huge runed translucent gate.
 47793 | Elf:2    | Found a huge runed translucent gate.
 47793 | Elf:2    | Found a huge runed translucent gate.
 47793 | Elf:2    | Found a huge runed translucent gate.
 47793 | Elf:2    | Found a huge runed translucent gate.
 47793 | Elf:2    | Found a huge runed translucent gate.
 47793 | Elf:2    | Found a huge runed translucent gate.
 47793 | Elf:2    | Found a huge runed translucent gate.
 47807 | Elf:2    | Found a huge runed translucent gate.
 47807 | Elf:2    | Found a huge runed translucent gate.
 47807 | Elf:2    | Found a huge runed translucent gate.
 47808 | Elf:2    | Found a huge runed translucent gate.
 47808 | Elf:2    | Found a huge runed translucent gate.
 47808 | Elf:2    | Found a huge runed translucent gate.
 47808 | Elf:2    | Found a huge runed translucent gate.
 47808 | Elf:2    | Found a huge runed translucent gate.
 47808 | Elf:2    | Found a huge runed translucent gate.
 47828 | Elf:2    | Found a huge runed translucent gate.
 47828 | Elf:2    | Found a huge runed translucent gate.
 47830 | Elf:2    | Found a huge runed translucent gate.
 47832 | Elf:2    | Found a huge runed translucent gate.
 47832 | Elf:2    | Found a huge runed translucent gate.
 47832 | Elf:2    | Found a huge runed translucent gate.
 47832 | Elf:2    | Found a huge runed translucent gate.
 47832 | Elf:2    | Found a huge runed translucent gate.
 47832 | Elf:2    | Found a huge runed translucent gate.
 47850 | Elf:2    | Found a huge runed translucent gate.
 47850 | Elf:2    | Found a huge runed translucent gate.
 47850 | Elf:2    | Found a huge runed translucent gate.
 47851 | Elf:2    | Found a huge runed translucent gate.
 47851 | Elf:2    | Found a huge runed translucent gate.
 47851 | Elf:2    | Found a huge runed translucent gate.
 47851 | Elf:2    | Found a huge runed translucent gate.
 47851 | Elf:2    | Found a huge runed translucent gate.
 47903 | Elf:2    | Reached skill level 15 in Maces & Flails
 47914 | Elf:2    | Found a runed translucent gate.
 47914 | Elf:2    | Found a runed translucent gate.
 47914 | Elf:2    | Found a runed translucent gate.
 48510 | Elf:2    | Found a shimmering blue altar of Sif Muna.
 48564 | Elf:2    | Identified the +0 trident "Ciliu" {heavy, *Slow Fly rC+
                  | Int+3}
 48770 | Elf:2    | Received a gift from Nemelex Xobeh
 48812 | Elf:2    | Found Dizowoymi's Magic Scroll Shoppe.
 48878 | Elf:2    | Paralysed by an air elemental for 1 turns
 48882 | Elf:2    | Paralysed by an air elemental for 1 turns
 48890 | Elf:2    | Found Mereov's Distillery.
 49063 | Elf:2    | Identified the +2 long sword "Dyriafom" {venom, Will- Dex+4
                  | Stlth+}
 49407 | Elf:2    | Found a runed translucent gate.
 49407 | Elf:2    | Found a runed translucent gate.
 49407 | Elf:2    | Found a runed translucent gate.
 49407 | Elf:2    | Noticed Kave's ghost (adept TrSh)
 49788 | Elf:2    | Killed Kave's ghost
 50005 | Elf:2    | Bought a potion of haste for 160 gold pieces
 50005 | Elf:2    | Bought a potion of heal wounds for 80 gold pieces
 50012 | Elf:3    | Entered Level 3 of the Elven Halls
 50339 | Abyss:3  | Cast into level 3 of the Abyss (a deep elf sorcerer)
 50475 | Abyss:3  | Received a gift from Nemelex Xobeh
 50603 | Abyss:3  | Found a corrupted altar of Lugonu.
 50645 | Abyss:3  | Found a corrupted altar of Lugonu.
 51025 | Abyss:3  | Got an abyssal rune of Zot
 51087 | Abyss:3  | Noticed a bone dragon
 51121 | Abyss:3  | Killed a bone dragon
 51399 | Elf:3    | Escaped the Abyss
 51533 | Elf:3    | Gained mutation: You are surrounded by a strong repulsion
                  | field. (EV +4, RMsl) [demonic ancestry]
 51533 | Elf:3    | Reached XP level 20. HP: 144/157 MP: 28/33
 51611 | Elf:3    | Paralysed by an air elemental for 1 turns
 51632 | Elf:3    | Paralysed by an air elemental for 1 turns
 51930 | Elf:3    | Found a gateway to a bazaar.
 51959 | Bazaar   | Entered a bazaar
 52038 | Bazaar   | Found Zoczukuo's Magic Scroll Shoppe.
 52038 | Bazaar   | Found Higu's Weapon Emporium.
 52059 | Bazaar   | Found Zunow's Magic Scroll Shoppe.
 52100 | Bazaar   | Bought a scroll of enchant armour for 90 gold pieces
 52100 | Bazaar   | Bought a scroll of blinking for 90 gold pieces
 52100 | Bazaar   | Bought a scroll of teleportation for 36 gold pieces
 52120 | Bazaar   | Bought a scroll of teleportation for 27 gold pieces
 52294 | Elf:3    | Identified the ring "Dudum" {rElec rF+ MP-9 Str+5}
 52613 | Elf:3    | Identified the +1 orcbow "Ugamop" {freeze, rC- Str+9}
 52728 | Elf:3    | Identified the +2 flail of Proximity {heavy, ^Contam rN+
                  | Will+ Str+3 Int+2}
 52739 | Elf:3    | Reached skill level 15 in Shapeshifting
 52751 | Elf:3    | Identified the ring "Votoocefu" {rN+ MP+9 Dex-5 Slay+4
                  | Stlth-}
 53508 | Elf:3    | Identified the +2 pair of boots of Winter {Rampage rPois
                  | rF- Dex+4}
 53515 | Elf:3    | Got Qohiax Qyre's Vellum of the Escort and Thermatology
 53544 | Elf:3    | Got the Meditations on the Frigid Fair Folk
 53552 | Elf:3    | Got the Teachings on Sandy Command
 53767 | Elf:2    | Bought a scroll of enchant armour for 120 gold pieces
 53843 | D:10     | Bought a scroll of enchant armour for 210 gold pieces
 53969 | Vaults:1 | Entered Level 1 of the Vaults
 54252 | Vaults:1 | Found Zoufac's Jewellery Shop.
 54966 | Vaults:1 | Received a gift from Nemelex Xobeh
 55983 | Vaults:2 | Found a runed translucent gate.
 55983 | Vaults:2 | Received a gift from Nemelex Xobeh
 55983 | Vaults:2 | Found a runed translucent gate.
 55983 | Vaults:2 | Noticed Ycago's ghost (veteran GrGl)
 55984 | Vaults:2 | Found a runed translucent gate.
 56442 | Vaults:2 | Gained mutation: A demonic guardian rushes to your aid.
                  | [demonic ancestry]
 56442 | Vaults:2 | Reached XP level 21. HP: 175/176 MP: 25/34
 56623 | Vaults:2 | Found a staircase to the Crypt.
 56647 | Vaults:2 | Received a gift from Nemelex Xobeh
 56911 | Vaults:2 | Killed Ycago's ghost
 56917 | Vaults:2 | Identified the +11 morningstar of Mana {spect, Str-4 Dex+8}
 57419 | Vaults:3 | Noticed Asterion
 57441 | Vaults:3 | Killed Asterion
 58023 | Vaults:3 | Received a gift from Nemelex Xobeh
 58042 | Vaults:3 | Paralysed by a sphinx for 5 turns
 58262 | Vaults:3 | Noticed Norris
 58288 | Vaults:3 | Killed Norris
 59044 | Vaults:4 | Paralysed by a formless jellyfish for 1 turns
 59232 | Vaults:4 | Noticed Margery
 59242 | Vaults:4 | Killed Margery
 60014 | Vaults:4 | Received a gift from Nemelex Xobeh
 61047 | Vaults:5 | Entered Level 5 of the Vaults
 61047 | Vaults:5 | Identified the orb of Loss {light, Harm Air}
 61047 | Vaults:5 | Noticed Frederick
 61050 | Vaults:5 | Gained mutation: A powerful demonic guardian rushes to your
                  | aid. [demonic ancestry]
 61050 | Vaults:5 | Reached XP level 22. HP: 183/183 MP: 17/35
 61159 | Vaults:5 | Noticed a golden dragon
 61177 | Vaults:5 | Killed a golden dragon
 61181 | Vaults:5 | Noticed an ancient lich
 61195 | Vaults:5 | Noticed Boris
 61211 | Vaults:5 | Noticed Jory
 61584 | Vaults:5 | Identified the +9 mace "Zukkuoba" {freeze, Dex+3 SInv}
 61641 | Vaults:5 | Killed Frederick
 61748 | Vaults:5 | Noticed a dread lich
 61789 | Vaults:5 | Paralysed by something for 3 turns
 61854 | Vaults:5 | Identified the +6 shortbow of War {flame, rC+ Str+3 Int+2}
 61877 | Vaults:5 | Noticed a golden dragon
 61923 | Vaults:5 | Killed a golden dragon
 61930 | Vaults:5 | Paralysed by something for 3 turns
 61939 | Vaults:5 | Paralysed by something for 3 turns
 61943 | Vaults:5 | Killed a dread lich
 62426 | Vaults:5 | HP: 2/183 [Jory/vampiric draining (17)]
 62451 | Vaults:5 | Identified a scroll of acquirement
 62507 | Vaults:5 | Noticed a golden dragon
 62595 | Vaults:5 | HP: 4/183 [something/bolt of acid (7)]
 62596 | Vaults:5 | Killed a golden dragon
 62623 | Vaults:4 | Killed an ancient lich
 62982 | Vaults:4 | HP: 5/183 [Jory/crystal spear (17)]
 62984 | Vaults:4 | Killed Jory
 63642 | Vaults:5 | Identified the +1 chain mail "Xaroptuz" {MP+9 Dex+4 SInv}
 63984 | Vaults:5 | Killed Boris
 64101 | Vaults:5 | Identified the orb of an ice cave {guile, -Cast +Blink rN+}
 64159 | Vaults:5 | Got the Parchment of Earth and Conflagration
 64260 | Vaults:5 | Got a silver rune of Zot
 64272 | Vaults:5 | Identified the +2 helmet "Deiskig" {Will+ Dex+4}
 64283 | Vaults:5 | Acquired a manual of Maces & Flails
 64949 | Crypt:1  | Entered Level 1 of the Crypt
 65530 | Crypt:1  | Reached XP level 23. HP: 170/171 MP: 27/36
 66400 | Crypt:2  | Found a runed translucent gate.
 66400 | Crypt:2  | Found a runed translucent gate.
 66400 | Crypt:2  | Found an opulent altar of Gozag.
 66402 | Crypt:2  | Found a runed translucent gate.
 66404 | Crypt:2  | Noticed an ancient lich
 66404 | Crypt:2  | Noticed an ancient lich
 66404 | Crypt:2  | Noticed Vailuoroe's ghost (veteran GrEE)
 66455 | Crypt:2  | Paralysed by something for 5 turns
 67296 | Crypt:2  | Identified the ring of Pugaeg {Ice *Corrode Dex+3 SInv}
 67296 | Crypt:2  | Noticed Josephina
 67339 | Crypt:1  | Killed Josephina
 67689 | Crypt:2  | Identified the +5 kite shield of Quantum Leap {rPois rF+}
 67689 | Crypt:2  | Noticed Donald
 67755 | Crypt:2  | Killed Donald
 68556 | Crypt:3  | Entered Level 3 of the Crypt
 68762 | Crypt:3  | Received a gift from Nemelex Xobeh
 69069 | Crypt:3  | Identified the +3 scale mail of Uskayaw's Castigation
                  | {Will+}
 69126 | Crypt:3  | Noticed an ancient lich
 69127 | Crypt:3  | Found an ancient bone altar of Kikubaaqudgha.
 69144 | Crypt:3  | Killed an ancient lich
 69396 | Crypt:3  | Received a gift from Nemelex Xobeh
 69648 | Crypt:3  | Found a staircase to the Tomb.
 69816 | Crypt:3  | Identified the +0 hand axe of Benevolence {heavy, Stlth+}
 69821 | Crypt:3  | Identified the staff of Success {rN+ Str-5 Dex+5 Necro}
 70154 | Crypt:3  | Identified the +0 leather armour of the Trombone {Fly
                  | Dex+2}
 70684 | Depths:1 | Entered Level 1 of the Depths
 71217 | Depths:1 | Received a gift from Nemelex Xobeh
 71436 | Depths:1 | Noticed Boris
 71454 | Depths:1 | Killed Boris
 71455 | Depths:1 | Gained mutation: You are very robust. (+20% HP) [demonic
                  | ancestry]
 71455 | Depths:1 | Reached XP level 24. HP: 176/216 MP: 26/36
 71728 | Depths:1 | Found a snail-covered altar of Cheibriados.
 71943 | Depths:1 | Found Zhao Yu's Dragon-Slaying Spoils.
 72055 | Depths:1 | Found Cawk's Tremendous Tomes.
 72543 | Depths:2 | Identified the +1 spear "Buowo" {spect, Fly rN++ Will+}
 73085 | Depths:2 | Received a gift from Nemelex Xobeh
 73268 | Depths:2 | Found a one-way gateway to a ziggurat.
 73542 | Depths:2 | Found a one-way gate leading to the halls of Pandemonium.
 73916 | Depths:2 | Received a gift from Nemelex Xobeh
 74064 | Pan      | Entered Pandemonium
 74392 | Pan      | Noticed Veaffut the pandemonium lord
 74408 | Pan      | Killed Veaffut the pandemonium lord
 74761 | Pan      | Got a demonic rune of Zot
 75064 | Pan      | Received a gift from Nemelex Xobeh
 75853 | Pan      | Found a transporter.
 75853 | Pan      | Found a transporter.
 75946 | Pan      | Reached skill level 5 in Dodging
 76129 | Pan      | Identified the +1 helmet of Sufyofru {rPois}
 76211 | Pan      | Received a gift from Nemelex Xobeh
 76362 | Pan      | Received a gift from Nemelex Xobeh
 76558 | Pan      | Reached skill level 5 in Evocations
 76699 | Pan      | Reached XP level 25. HP: 163/223 MP: 27/36
 77441 | Pan      | Identified the amulet of Tead {Regen+ Dex+2}
 77456 | Pan      | Identified the +1 helmet of Eskopt {rF+ rC+ Slay+3}
 77459 | Pan      | Identified the +2 buckler of Darkness {Int+4}
 77830 | Pan      | Noticed Gicroda the pandemonium lord
 77876 | Pan      | Killed Gicroda the pandemonium lord
 79557 | Pan      | Received a gift from Nemelex Xobeh
 79964 | Pan      | Found an exit through the horrors of the Abyss.
 80191 | Pan      | Noticed Fumih the pandemonium lord
 80220 | Pan      | Killed Fumih the pandemonium lord
 80409 | Pan      | Received a gift from Nemelex Xobeh
 80482 | Pan      | Noticed Lilasyul the pandemonium lord
 80567 | Pan      | Entered the realm of Mnoleg.
 80594 | Pan      | HP: 9/223 [anaconda[a protean progenitor] (17)]
 80926 | Pan      | Noticed Mnoleg
 80979 | Pan      | Killed Mnoleg
 81187 | Pan      | Gained mutation: You are extremely robust. (+30% HP)
                  | [demonic ancestry]
 81187 | Pan      | Reached XP level 26. HP: 142/250 MP: 27/36
 81472 | Pan      | Got a glowing rune of Zot
 81597 | Pan      | Received a gift from Nemelex Xobeh
 81911 | Pan      | Found an exit through the horrors of the Abyss.
 83234 | Pan      | Noticed Feimucw the pandemonium lord
 83249 | Pan      | Killed Feimucw the pandemonium lord
 83346 | Pan      | Identified the +0 leather armour of Desummunif {rC+}
 83604 | Pan      | Received a gift from Nemelex Xobeh
 84709 | Pan      | Entered the realm of Gloorx Vloq.
 84811 | Pan      | Reached skill level 10 in Evocations
 85026 | Pan      | Received a gift from Nemelex Xobeh
 85165 | Pan      | Reached skill level 15 in Armour
 85323 | Pan      | Reached skill level 10 in Dodging
 85862 | Pan      | Received a gift from Nemelex Xobeh
 85885 | Pan      | Noticed Gloorx Vloq
 85914 | Pan      | Killed Gloorx Vloq
 85915 | Pan      | Reached XP level 27. HP: 140/258 MP: 28/37
 86013 | Pan      | Got a dark rune of Zot
 86338 | Pan      | Received a gift from Nemelex Xobeh
 86870 | Pan      | Identified the +4 glaive of Agaxirphu {elec, Str+4}
 86960 | Pan      | Received a gift from Nemelex Xobeh
 87433 | Pan      | Found an exit through the horrors of the Abyss.
 87745 | Pan      | Noticed Xunyrch the pandemonium lord
 87760 | Pan      | Killed Xunyrch the pandemonium lord
 88322 | Pan      | Received a gift from Nemelex Xobeh
 88471 | Pan      | Reached skill level 15 in Fighting
 88545 | Pan      | Received a gift from Nemelex Xobeh
 89014 | Pan      | Noticed Ronupaf the pandemonium lord
 89031 | Pan      | Killed Ronupaf the pandemonium lord
 89233 | Pan      | Found a runed translucent door.
 89489 | Pan      | Identified the amulet of Dim Light {RegenMP Harm MP+9}
 89769 | Pan      | Found an exit through the horrors of the Abyss.
 89876 | Pan      | Received a gift from Nemelex Xobeh
 89972 | Pan      | Identified the +3 long sword of Fiyzannoudi {heavy, rPois
                  | Will+ Int+2}
 90494 | Pan      | Found a one-way gate to the infinite horrors of the Abyss.
 90497 | Pan      | Found a corrupted altar of Lugonu.
 90528 | Pan      | Identified the +8 rapier of the Healing Seeker {freeze,
                  | Stlth+}
 90854 | Pan      | Received a gift from Nemelex Xobeh
 91095 | Pan      | Received a gift from Nemelex Xobeh
 91152 | Pan      | Noticed Kuphuc the pandemonium lord
 91174 | Pan      | Killed Kuphuc the pandemonium lord
 91565 | Pan      | Found an exit through the horrors of the Abyss.
 91913 | Pan      | Received a gift from Nemelex Xobeh
 92046 | Pan      | Noticed Ytaup the pandemonium lord
 92087 | Pan      | Killed Ytaup the pandemonium lord
 92541 | Pan      | Received a gift from Nemelex Xobeh
 92691 | Pan      | Identified the +12 battleaxe of the Unseen Realm {spect,
                  | rPois MP+9}
 92957 | Pan      | Noticed Wiaschiyh the pandemonium lord
 92999 | Pan      | Killed Wiaschiyh the pandemonium lord
 93538 | Pan      | Found an exit through the horrors of the Abyss.
 94637 | Pan      | Received a gift from Nemelex Xobeh
 94685 | Pan      | Found an exit through the horrors of the Abyss.
 95011 | Pan      | Received a gift from Nemelex Xobeh
 95541 | Pan      | Entered the realm of Cerebov.
 95750 | Pan      | Received a gift from Nemelex Xobeh
 96326 | Pan      | Identified the ring "Badoram" {Fire Int+4 Dex+3}
 96764 | Pan      | Found the +6 sword of Cerebov {flame}
 96764 | Pan      | Noticed Cerebov
 96794 | Pan      | Killed Cerebov
 97034 | Pan      | Identified the +2 cloak of Gravitas {Fly SInv}
 97083 | Pan      | Got a fiery rune of Zot
 97142 | Pan      | Identified the +4 helmet of Wileasta {rPois Int+6 Dex+3}
 97174 | Pan      | Identified the +1 dagger "Jellybane" {freeze, Int+4}
 97249 | Pan      | Identified the ring "Moerr" {Will+ EV+5 Str+3 Int-3 Dex+2}
 97251 | Pan      | Identified the +6 rapier "Xiesirag" {heavy, rElec}
 97262 | Pan      | Got the Anthology of the Galvanic Oath
 97264 | Pan      | Identified the +1 longbow of Loyblus {antimagic, Str+3
                  | Dex+2}
 97412 | Pan      | Upgraded the game from 0.32-a0-13-gbaedc58 to
                  | 0.32-a0-17-gb74e046
 97416 | Pan      | Received a gift from Nemelex Xobeh
 97430 | Pan      | Noticed Hajurhamor the pandemonium lord
 97469 | Pan      | Killed Hajurhamor the pandemonium lord
 97738 | Pan      | Received a gift from Nemelex Xobeh
 98069 | Pan      | Found an exit through the horrors of the Abyss.
 98409 | Abyss:4  | Cast into level 4 of the Abyss (reaper)
 98471 | Abyss:4  | Found a corrupted altar of Lugonu.
 98499 | Abyss:4  | Received a gift from Nemelex Xobeh
 98503 | Pan      | Escaped the Abyss
 98733 | Pan      | Found an exit through the horrors of the Abyss.
 98791 | Pan      | Noticed Dumnemn the pandemonium lord
 98818 | Pan      | Killed Dumnemn the pandemonium lord
 99073 | Pan      | Received a gift from Nemelex Xobeh
 99595 | Pan      | Noticed Obabaf the pandemonium lord
 99606 | Pan      | Killed Obabaf the pandemonium lord
 99845 | Pan      | Found an exit through the horrors of the Abyss.
 99866 | Pan      | Identified the +2 chain mail of Baldness {Stlth+}
 99932 | Pan      | Identified the +1 pair of gloves of Pygyip {Int+2}
 99986 | Pan      | Paralysed by accursed screaming for 1 turns
100187 | Pan      | Identified the +4 halberd of the Toadstool {freeze, rF+
                  | rCorr Int+3}
100305 | Pan      | Received a gift from Nemelex Xobeh
100544 | Pan      | Noticed Viph the pandemonium lord
100598 | Pan      | Killed Viph the pandemonium lord
101215 | Pan      | Entered the realm of Lom Lobon.
101223 | Pan      | Received a gift from Nemelex Xobeh
101839 | Pan      | Noticed Lom Lobon
101847 | Pan      | Received a gift from Nemelex Xobeh
101870 | Pan      | Killed Lom Lobon
102166 | Pan      | Got a magical rune of Zot
102249 | Pan      | Reached skill level 15 in Evocations
102572 | Pan      | Received a gift from Nemelex Xobeh
103007 | Pan      | Received a gift from Nemelex Xobeh
103133 | Pan      | Noticed Urat the pandemonium lord
103432 | Pan      | Killed Urat the pandemonium lord
103433 | Pan      | Reached skill level 15 in Dodging
103901 | Pan      | Received a gift from Nemelex Xobeh
104100 | Pan      | Identified the +6 tower shield "Qones" {rPois rF+ rC+}
104866 | Pan      | Received a gift from Nemelex Xobeh
105987 | Pan      | Identified the +3 scale mail "Ecijiwog" {Regen+ Int-4
                  | Dex+5}
106693 | Pan      | Identified the +0 ring mail of Restlessness {Dex+3}
106738 | Pan      | Noticed a seraph
106788 | Pan      | Killed a seraph
106977 | Pan      | Got Ruronasieci's Incunable of Underground Rime
107001 | Depths:2 | Escaped Pandemonium
107606 | Depths:3 | Received a gift from Nemelex Xobeh
108028 | Depths:3 | Noticed a juggernaut
108043 | Depths:3 | Killed a juggernaut
108179 | Depths:3 | Found a one-way gate to the infinite horrors of the Abyss.
108273 | Depths:4 | Entered Level 4 of the Depths
108511 | Depths:4 | Received a gift from Nemelex Xobeh
108572 | Depths:4 | Found a gate to the Realm of Zot.
108875 | Depths:4 | Received a gift from Nemelex Xobeh
108961 | Depths:4 | Noticed the Enchantress
109053 | Depths:4 | Killed the Enchantress
109875 | Slime:1  | Entered Level 1 of the Pits of Slime
110004 | Slime:1  | You are sucked into a shaft and drop 1 floor!
110059 | Slime:2  | Received a gift from Nemelex Xobeh
110842 | Slime:5  | Entered Level 5 of the Pits of Slime
110842 | Slime:5  | Received a gift from Nemelex Xobeh
110948 | Slime:5  | Received a gift from Nemelex Xobeh
110984 | Slime:5  | Noticed the Royal Jelly
111552 | Slime:5  | Killed the Royal Jelly
111612 | Slime:5  | Identified the +10 long sword of Fortitude {freeze, Int+3}
111624 | Slime:5  | Identified the +5 bardiche "Zamaq" {spect, Dex+3}
111644 | Slime:5  | Got Himpingu's Catalogue of the Postmortem Inferno
111660 | Slime:5  | Got a slimy rune of Zot
111686 | Slime:5  | Identified the +2 short sword of Vuigel {elec, Will+}
111687 | Slime:5  | Identified the +3 sling "Orb Guardian's Doom" {speed, MP+9
                  | Dex+3}
111758 | Slime:5  | Identified the +6 whip of Jerchah {drain, rF+ Int+2 Dex+2}
111782 | Slime:5  | Received a gift from Nemelex Xobeh
112523 | Hell     | Entered the Vestibule of Hell
112541 | Hell     | Noticed Geryon
113286 | Hell     | Killed Geryon
113446 | Hell     | Received a gift from Nemelex Xobeh
113517 | Hell     | Found a gateway to the decaying netherworld of Tartarus.
113569 | Hell     | Found a gateway to the freezing wastes of Cocytus.
113658 | Hell     | Found a gateway to the Iron City of Dis.
113787 | Hell     | Found a gateway to the ashen valley of Gehenna.
114492 | Zot:1    | Entered Level 1 of the Realm of Zot
114537 | Zot:1    | Received a gift from Nemelex Xobeh
114578 | Zot:1    | Noticed Grunn
114590 | Zot:1    | Killed Grunn
116326 | Zot:3    | Received a gift from Nemelex Xobeh
116678 | Zot:3    | Reached skill level 27 in Invocations
116894 | Zot:3    | Received a gift from Nemelex Xobeh
117734 | Zot:4    | Received a gift from Nemelex Xobeh
118458 | Zot:5    | Entered Level 5 of the Realm of Zot
118581 | Zot:5    | Found a transporter.
118581 | Zot:5    | Found a transporter.
118583 | Zot:5    | Found a transporter.
118621 | Zot:5    | Found a transporter.
118963 | Zot:5    | Received a gift from Nemelex Xobeh
119203 | Zot:5    | Noticed a dread lich
119223 | Zot:5    | Killed a dread lich
119350 | Zot:5    | Noticed an orb of fire
119366 | Zot:5    | Noticed a dread lich
119381 | Zot:5    | Killed an orb of fire
119392 | Zot:5    | Noticed an ancient lich
119411 | Zot:5    | Killed a dread lich
119426 | Zot:5    | Killed an ancient lich
120151 | Zot:5    | Noticed an ancient lich
120162 | Zot:5    | Killed an ancient lich
120175 | Zot:5    | Noticed a dread lich
120184 | Zot:5    | Killed a dread lich
120200 | Zot:5    | Noticed a dread lich
120201 | Zot:5    | Noticed an ancient lich
120206 | Zot:5    | Killed a dread lich
120214 | Zot:5    | Killed an ancient lich
120250 | Zot:5    | Noticed a dread lich
120267 | Zot:5    | Noticed an orb of fire
120275 | Zot:5    | Killed a dread lich
120284 | Zot:5    | Noticed an ancient lich
120289 | Zot:5    | Killed an orb of fire
120307 | Zot:5    | Killed an ancient lich
120698 | Geh:1    | Entered Level 1 of Gehenna
121043 | Geh:2    | Received a gift from Nemelex Xobeh
122470 | Geh:5    | Found a huge runed translucent gate.
122470 | Geh:5    | Found a huge runed translucent gate.
122470 | Geh:5    | Found a huge runed translucent gate.
122471 | Geh:5    | Found a huge runed translucent gate.
122471 | Geh:5    | Found a huge runed translucent gate.
122471 | Geh:5    | Found a huge runed translucent gate.
122471 | Geh:5    | Found a huge runed translucent gate.
122472 | Geh:5    | Found a huge runed translucent gate.
122502 | Geh:5    | Found a huge runed translucent gate.
122502 | Geh:5    | Found a huge runed translucent gate.
122502 | Geh:5    | Found a huge runed translucent gate.
122503 | Geh:5    | Found a huge runed translucent gate.
122503 | Geh:5    | Found a huge runed translucent gate.
122503 | Geh:5    | Found a huge runed translucent gate.
122504 | Geh:5    | Found a huge runed translucent gate.
122508 | Geh:5    | Found a huge runed translucent gate.
122518 | Geh:5    | Found a huge runed translucent gate.
122523 | Geh:5    | Found a huge runed translucent gate.
122524 | Geh:5    | Found a huge runed translucent gate.
122525 | Geh:5    | Found a huge runed translucent gate.
122526 | Geh:5    | Found a huge runed translucent gate.
122526 | Geh:5    | Found a huge runed translucent gate.
122527 | Geh:5    | Received a gift from Nemelex Xobeh
122536 | Geh:5    | Found a huge runed translucent gate.
122537 | Geh:5    | Found a huge runed translucent gate.
122537 | Geh:5    | Found a huge runed translucent gate.
122537 | Geh:5    | Found a huge runed translucent gate.
122537 | Geh:5    | Found a huge runed translucent gate.
122541 | Geh:5    | Found a huge runed translucent gate.
122542 | Geh:5    | Found a huge runed translucent gate.
122543 | Geh:5    | Found a huge runed translucent gate.
122543 | Geh:5    | Found a huge runed translucent gate.
122547 | Geh:5    | Found a huge runed translucent gate.
122548 | Geh:5    | Found a huge runed translucent gate.
122549 | Geh:5    | Found a huge runed translucent gate.
122549 | Geh:5    | Found a huge runed translucent gate.
122553 | Geh:5    | Found a huge runed translucent gate.
122806 | Geh:5    | Noticed a dread lich
122806 | Geh:5    | Noticed an ancient lich
122806 | Geh:5    | Noticed an ancient lich
122810 | Geh:5    | Killed a dread lich
122814 | Geh:5    | Killed an ancient lich
122815 | Geh:5    | Reached skill level 27 in Fighting
122835 | Geh:5    | Killed an ancient lich
123101 | Geh:7    | Entered Level 7 of Gehenna
123371 | Geh:7    | Received a gift from Nemelex Xobeh
124264 | Geh:7    | Identified the ring "Minuholl" {Str+4 Int+6}
124344 | Geh:7    | Identified the +6 broad axe of Conscience {heavy, Fly rC+
                  | Dex+2}
124559 | Geh:7    | Found the +13 sceptre of Asmodeus
124559 | Geh:7    | Noticed Asmodeus
124591 | Geh:7    | Killed Asmodeus
124610 | Geh:7    | Got an obsidian rune of Zot
124854 | Dis:1    | Entered Level 1 of the Iron City of Dis
125179 | Dis:1    | Received a gift from Nemelex Xobeh
125692 | Dis:3    | Noticed a dread lich
125704 | Dis:3    | Killed a dread lich
125767 | Dis:3    | You are sucked into a shaft and drop 1 floor!
126248 | Dis:4    | Received a gift from Nemelex Xobeh
127335 | Dis:7    | Entered Level 7 of the Iron City of Dis
127709 | Dis:7    | Received a gift from Nemelex Xobeh
128072 | Dis:7    | Found the +2 Maxwell's thermic engine {flame, freeze, rev}
128260 | Dis:7    | Noticed a juggernaut
128272 | Dis:7    | Killed a juggernaut
128298 | Dis:7    | Reached skill level 27 in Maces & Flails
128362 | Dis:7    | Noticed a juggernaut
128384 | Dis:7    | Killed a juggernaut
128718 | Dis:7    | Received a gift from Nemelex Xobeh
128907 | Dis:7    | Identified the staff "Afut" {Will+ Int+3 Conj}
128996 | Dis:7    | Noticed a juggernaut
129019 | Dis:7    | Killed a juggernaut
129036 | Dis:7    | Identified the +2 trident of Moryag {speed, rF+ rCorr MP-9}
130651 | Dis:7    | Noticed Dispater
131103 | Dis:7    | Got an iron rune of Zot
131104 | Dis:7    | Identified the +5 morningstar of Destiny {freeze, Dex+3}
131219 | Dis:7    | Killed Dispater
131905 | Crypt:3  | Gained mutation: You occasionally lose the ability to read
                  | scrolls when taking damage. [potion of mutation]
131905 | Crypt:3  | Gained mutation: Your spells are a little harder to cast,
                  | but a little more powerful. [potion of mutation]
131906 | Crypt:3  | Lost mutation: Your spells are a little harder to cast, but
                  | a little more powerful. [potion of mutation]
131906 | Crypt:3  | Lost mutation: You occasionally lose the ability to read
                  | scrolls when taking damage. [potion of mutation]
131906 | Crypt:3  | Gained mutation: You are strong-willed. (Will+) [potion of
                  | mutation]
131907 | Crypt:3  | Lost mutation: You are strong-willed. (Will+) [potion of
                  | mutation]
131907 | Crypt:3  | Gained mutation: You passively dampen the noise of your
                  | surroundings. [potion of mutation]
131907 | Crypt:3  | Gained mutation: You are partially covered in large bone
                  | plates. (SH +4) [potion of mutation]
131908 | Crypt:3  | Lost mutation: You passively dampen the noise of your
                  | surroundings. [potion of mutation]
131908 | Crypt:3  | Lost mutation: You are partially covered in large bone
                  | plates. (SH +4) [potion of mutation]
131908 | Crypt:3  | Gained mutation: You occasionally shout uncontrollably at
                  | your foes. [potion of mutation]
131909 | Crypt:3  | Lost mutation: You occasionally shout uncontrollably at
                  | your foes. [potion of mutation]
131909 | Crypt:3  | Gained mutation: Your spells are a little harder to cast,
                  | but a little more powerful. [potion of mutation]
131910 | Crypt:3  | Lost mutation: Your spells are a little harder to cast, but
                  | a little more powerful. [potion of mutation]
131910 | Crypt:3  | Gained mutation: Armour fits poorly on your strangely
                  | shaped body. [potion of mutation]
131910 | Crypt:3  | Gained mutation: Your spells are a little harder to cast,
                  | but a little more powerful. [potion of mutation]
131910 | Crypt:3  | Gained mutation: You have hidden genetic potential. [potion
                  | of mutation]
131911 | Crypt:3  | Lost mutation: Armour fits poorly on your strangely shaped
                  | body. [potion of mutation]
131911 | Crypt:3  | Lost mutation: Your spells are a little harder to cast, but
                  | a little more powerful. [potion of mutation]
131911 | Crypt:3  | Gained mutation: Your mind is acute. (Int +4, Str/Dex -1)
                  | [potion of mutation]
131911 | Crypt:3  | Gained mutation: You have very sharp teeth. [potion of
                  | mutation]
131911 | Crypt:3  | Gained mutation: You possess an exceptional clarity of
                  | mind. [potion of mutation]
132384 | Pan      | Entered Pandemonium
132436 | Pan      | Noticed Qyosasam the pandemonium lord
132507 | Pan      | Killed Qyosasam the pandemonium lord
133048 | Pan      | Received a gift from Nemelex Xobeh
133228 | Pan      | Found an exit through the horrors of the Abyss.
133330 | Pan      | Received a gift from Nemelex Xobeh
134027 | Pan      | Lost mutation: Your mind is acute. (Int +4, Str/Dex -1)
                  | [potion of mutation]
134027 | Pan      | Lost mutation: You have hidden genetic potential. [potion
                  | of mutation]
134027 | Pan      | Gained mutation: You are dopey. (Int -2) [potion of
                  | mutation]
134027 | Pan      | Gained mutation: You have an increased reservoir of magic.
                  | (+10% MP) [potion of mutation]
134028 | Pan      | Lost mutation: You possess an exceptional clarity of mind.
                  | [potion of mutation]
134028 | Pan      | Lost mutation: You have very sharp teeth. [potion of
                  | mutation]
134028 | Pan      | Gained mutation: You are clumsy. (Dex -2) [potion of
                  | mutation]
134028 | Pan      | Lost mutation: You are dopey. (Int -2) [potion of mutation]
134029 | Pan      | Lost mutation: You have an increased reservoir of magic.
                  | (+10% MP) [potion of mutation]
134029 | Pan      | Lost mutation: You are clumsy. (Dex -2) [potion of
                  | mutation]
134029 | Pan      | Gained mutation: You have very sharp teeth. [potion of
                  | mutation]
134030 | Pan      | Lost mutation: You have very sharp teeth. [potion of
                  | mutation]
134030 | Pan      | Gained mutation: You occasionally lose the ability to read
                  | scrolls when taking damage. [potion of mutation]
134030 | Pan      | Gained mutation: Your mind is acute. (Int +4, Str/Dex -1)
                  | [potion of mutation]
134031 | Pan      | Lost mutation: Your mind is acute. (Int +4, Str/Dex -1)
                  | [potion of mutation]
134031 | Pan      | Lost mutation: You occasionally lose the ability to read
                  | scrolls when taking damage. [potion of mutation]
134031 | Pan      | Gained mutation: You are partially covered in large bone
                  | plates. (SH +4) [potion of mutation]
134031 | Pan      | Gained mutation: You occasionally shout uncontrollably at
                  | your foes. [potion of mutation]
134031 | Pan      | Gained mutation: You passively dampen the noise of your
                  | surroundings. [potion of mutation]
134031 | Pan      | Gained mutation: Your movements are slightly less
                  | encumbered by armour. (ER -2) [potion of mutation]
134142 | Pan      | Took an exit into the Abyss.
134142 | Abyss:4  | Escaped into the Abyss
134142 | Abyss:4  | Found a corrupted altar of Lugonu.
134399 | Depths:2 | Escaped the Abyss
134475 | Tar:1    | Entered Level 1 of Tartarus
135766 | Tar:4    | Received a gift from Nemelex Xobeh
135880 | Tar:5    | Noticed an ancient lich
135893 | Tar:5    | Killed an ancient lich
136212 | Tar:5    | You are sucked into a shaft and drop 1 floor!
136222 | Tar:6    | Noticed a royal mummy
136222 | Tar:6    | Noticed a dread lich
136222 | Tar:6    | Noticed an ancient lich
136241 | Tar:6    | Killed a royal mummy
136250 | Tar:6    | Killed an ancient lich
136258 | Tar:6    | Killed a dread lich
136447 | Tar:7    | Entered Level 7 of Tartarus
137646 | Tar:7    | Received a gift from Nemelex Xobeh
137727 | Tar:7    | Identified the +8 quarterstaff "Qaaplor" {freeze, rF+ rC-
                  | Str+3}
137729 | Tar:7    | Identified the +1 lajatang of Wounding {flame, *Rage rPois
                  | rCorr Str+5}
137731 | Tar:7    | Identified the +0 long sword of Sharkskin {elec, rElec
                  | rCorr}
138330 | Tar:7    | Noticed the Serpent of Hell
138349 | Tar:7    | Killed the Serpent of Hell
138418 | Tar:7    | Noticed Ereshkigal
138445 | Tar:7    | Killed Ereshkigal
138529 | Tar:7    | Identified the ring of Wifigh {rPois Will- Int+6 Dex+4}
138533 | Tar:7    | Identified the +8 triple sword of Qoynt {heavy, ^Drain rF+
                  | Will+++ Str+4}
138535 | Tar:7    | Got a bone rune of Zot
138536 | Tar:7    | Identified the amulet "Mausuo" {Spirit rN+ Dex+5}
138540 | Tar:7    | Identified the staff "Siamuwnu" {rElec rF+ rN+ Dex-5 Fire}
138729 | Tar:7    | Identified the +6 morningstar of Defilement {flame, Str+3
                  | Int+2 Stlth+}
138730 | Tar:7    | Identified the +3 leather armour of the Poles {Str-4 Dex+2
                  | SInv}
139040 | Tar:7    | Received a gift from Nemelex Xobeh
139489 | Coc:1    | Entered Level 1 of Cocytus
140047 | Coc:3    | Paralysed by a wendigo for 1 turns
140663 | Coc:4    | Paralysed by a wendigo for 1 turns
140875 | Coc:4    | Received a gift from Nemelex Xobeh
141547 | Coc:6    | Received a gift from Nemelex Xobeh
141559 | Coc:6    | Noticed a dread lich
141566 | Coc:6    | Killed a dread lich
141567 | Coc:6    | Reached skill level 27 in Dodging
141828 | Coc:7    | Entered Level 7 of Cocytus
142053 | Coc:7    | Paralysed by a wendigo for 1 turns
142063 | Coc:7    | Paralysed by a wendigo for 1 turns
142109 | Coc:7    | Paralysed by a wendigo for 1 turns
142115 | Coc:7    | Noticed a dread lich
142120 | Coc:7    | Paralysed by a wendigo for 1 turns
142145 | Coc:7    | Paralysed by a wendigo for 1 turns
142647 | Coc:7    | Received a gift from Nemelex Xobeh
142902 | Coc:7    | Killed a dread lich
143237 | Coc:7    | Identified the staff "Dofisean" {rPois Str+2 Alchemy}
143282 | Coc:7    | Identified the ring "Orid" {^Drain rElec rN+ Str+6 Int+3}
143282 | Coc:7    | Noticed Antaeus
143283 | Coc:7    | Identified the +2 hand axe "Xigalew" {flame, rElec rN+
                  | rCorr Int-3}
143323 | Coc:7    | Killed Antaeus
143368 | Coc:7    | Got an icy rune of Zot
144008 | Tomb:1   | Entered Level 1 of the Tomb of the Ancients
144179 | Tomb:1   | Reached skill level 27 in Shields
144263 | Tomb:1   | Received a gift from Nemelex Xobeh
144686 | Tomb:1   | Identified the +0 buckler "Kufram" {rN++ Will++ Int-5}
144995 | Tomb:2   | Noticed a royal mummy
144997 | Tomb:2   | Noticed a royal mummy
145005 | Tomb:2   | Noticed a royal mummy
145010 | Tomb:2   | Noticed Boris
145018 | Tomb:2   | Noticed a royal mummy
145018 | Tomb:2   | Noticed a royal mummy
145322 | Tomb:2   | Killed a royal mummy
145356 | Tomb:2   | Killed a royal mummy
145362 | Tomb:2   | Killed Boris
145654 | Tomb:2   | Killed a royal mummy
145676 | Tomb:2   | Killed a royal mummy
145684 | Tomb:2   | Killed a royal mummy
146034 | Tomb:2   | Received a gift from Nemelex Xobeh
146230 | Tomb:1   | Noticed a royal mummy
146230 | Tomb:1   | Noticed a royal mummy
146230 | Tomb:1   | Noticed a royal mummy
146237 | Tomb:1   | Noticed a royal mummy
146239 | Tomb:1   | Killed a royal mummy
146254 | Tomb:1   | Killed a royal mummy
146259 | Tomb:1   | Killed a royal mummy
146266 | Tomb:1   | Killed a royal mummy
146298 | Tomb:1   | Noticed a royal mummy
146298 | Tomb:1   | Noticed a royal mummy
146305 | Tomb:1   | Noticed a royal mummy
146307 | Tomb:1   | Noticed a royal mummy
146335 | Tomb:1   | Killed a royal mummy
146369 | Tomb:1   | Killed a royal mummy
146386 | Tomb:1   | Killed a royal mummy
146399 | Tomb:1   | Killed a royal mummy
146491 | Tomb:1   | Noticed a royal mummy
146491 | Tomb:1   | Noticed a royal mummy
146495 | Tomb:1   | Noticed a royal mummy
146507 | Tomb:1   | Killed a royal mummy
146520 | Tomb:1   | Killed a royal mummy
146579 | Tomb:1   | Killed a royal mummy
146660 | Tomb:1   | Noticed a royal mummy
146663 | Tomb:1   | Noticed a royal mummy
146669 | Tomb:1   | Killed a royal mummy
146677 | Tomb:1   | Killed a royal mummy
146680 | Tomb:1   | Noticed a royal mummy
146681 | Tomb:1   | Noticed a royal mummy
146693 | Tomb:1   | Killed a royal mummy
146705 | Tomb:1   | Killed a royal mummy
146727 | Tomb:1   | Noticed a royal mummy
146730 | Tomb:1   | Noticed a royal mummy
146736 | Tomb:1   | Killed a royal mummy
146737 | Tomb:1   | Noticed a royal mummy
146745 | Tomb:1   | Noticed a royal mummy
146752 | Tomb:1   | Killed a royal mummy
146759 | Tomb:1   | Killed a royal mummy
146769 | Tomb:1   | Killed a royal mummy
146870 | Tomb:1   | Noticed a royal mummy
146870 | Tomb:1   | Noticed a royal mummy
146870 | Tomb:1   | Noticed a royal mummy
146870 | Tomb:1   | Noticed a royal mummy
146879 | Tomb:1   | Killed a royal mummy
146932 | Tomb:1   | Killed a royal mummy
146950 | Tomb:1   | Killed a royal mummy
146958 | Tomb:1   | Killed a royal mummy
147193 | Tomb:3   | Entered Level 3 of the Tomb of the Ancients
147209 | Tomb:3   | Noticed a royal mummy
147213 | Tomb:3   | Noticed a royal mummy
147221 | Tomb:3   | Identified the +2 demon trident of Taxation {elec, Str+3}
147231 | Tomb:3   | Noticed a royal mummy
147231 | Tomb:3   | Noticed a royal mummy
147244 | Tomb:3   | Noticed a royal mummy
147260 | Tomb:3   | Noticed a royal mummy
147365 | Tomb:3   | Killed a royal mummy
147384 | Tomb:3   | Killed a royal mummy
147404 | Tomb:3   | Received a gift from Nemelex Xobeh
147412 | Tomb:3   | Identified the +1 whip "Byhutage" {heavy, Str+2}
147418 | Tomb:3   | Noticed a royal mummy
147421 | Tomb:3   | Noticed a royal mummy
147430 | Tomb:3   | Noticed a royal mummy
147854 | Tomb:3   | Found the +7 lajatang of Order {silver, rMut}
147866 | Tomb:3   | Killed a royal mummy
147910 | Tomb:3   | Killed a royal mummy
147944 | Tomb:3   | Identified the +5 chain mail of Divine Compulsion {rPois
                  | Str-4 Slay+3}
148349 | Tomb:3   | Killed a royal mummy
148366 | Tomb:3   | Killed a royal mummy
148389 | Tomb:3   | Killed a royal mummy
148404 | Tomb:3   | Got a golden rune of Zot
148413 | Tomb:3   | Killed a royal mummy
148455 | Tomb:3   | Killed a royal mummy
149350 | Tomb:3   | Identified the +8 flail "Eramemar" {antimagic, *Slow rElec
                  | rPois rN++}
149351 | Tomb:3   | Identified the ring "Daideaq" {rN+ Will+}
149353 | Tomb:3   | Identified the +0 plate armour of the Big Bang {Rampage
                  | rCorr Int-3 Dex+5}
149355 | Tomb:3   | Identified the +9 glaive of Disarray {freeze, rPois}
149358 | Tomb:3   | Identified the +3 flail "Padidwis" {antimagic, rElec}
149365 | Tomb:3   | Identified the +1 great mace of Veask {heavy, Str+5}
150078 | Zot:5    | Got the Orb of Zot
150280 | Zot:1    | Noticed a seraph
150296 | Zot:1    | Killed a seraph
151006 | D:$      | Escaped with the Orb!

Illustrated notes

Levels and vault maps discovered:
D:1:      dpeg_arrival_boxes_within_box, layout_basic, minmay_hexomino_c4
D:2:      layout_rooms, basic_altar, uniq_terence
D:3:      layout_basic, mainiacjoe_overflow_surrounded_room,
          mainiacjoe_overflow_catwalk_spiral, uniq_natasha
D:4:      layout_basic
D:5:      layout_layer_cave, mainiacjoe_sewer_entry_somewhere_in_here_1
D:6:      layout_rooms, grunt_temple_overflow_open,
          mainiacjoe_overflow_cross_hatched
D:7:      layout_loops_cross, nzn_hepliaklqana_mist_gate, old_standard_altar,
          ashenzari_conservatory_becter, minmay_temple_entry_statues_pillars,
          serial_shops, nicolae_shop_advertising_works
          [nicolae_subvault_shop_adworks]
D:8:      layout_loops_ring, overflow_temple_1_default,
          mainiacjoe_overflow_alcove_4, enter_bailey_5, minmay_circle_x
D:9:      layout_loops_corners, mainiacjoe_overflow_chevrons, lair_entry_dummy,
          orc_0_dummy, serial_shops, nicolae_shop_real_fake_doors
D:10:     layout_irregular_city, serial_shops, shop, shop_fountains,
          nicolae_shop_scrapyard, nicolae_shop_gaudy_bauble, serial_rivers,
          chequers_serial_rivers_room_b, chequers_serial_rivers_micro_c,
          chequers_serial_rivers_micro_a, chequers_serial_rivers_micro_b,
          eino_jars
D:11:     layout_irregular_city, serial_shops, nicolae_shop_hallway_stairs,
          ebering_ghost_reflecting_pool, uniq_snorg
D:12:     layout_irregular_city, led_xom_imps, uniq_sonja
D:13:     layout_loops_ring, serial_shops, shop,
          onia_ninara_dug_in_and_dangerous
D:14:     dreamdust_dug_too_deep, layout_small_grid,
          hellmonk_vaults_attempted_burglary, nrook_mini_vaults
D:15:     grunt_enter_depths_magical_seal, layout_gridville, serial_bayou_ford_a
Lair:1:   layout_cave_pods, gauntlet_entry_generic,
          portal_ice_cave_entry_ice_simulacra, nicolae_volcano_entry_hallway,
          chequers_serial_rivers_room_a
Lair:2:   regret_index_wax_grids, layout_cave_shapes,
          maelrawn_ghost_gauntlet_escape, uniq_urug
Lair:3:   layout_regular_city, elwin_shoals_entry_stream,
          nicolae_snake_entry_warm_welcome, uniq_nergalle
Lair:4:   layout_hall_layers, minmay_slime_entry_jelly_boxes,
          serial_bayou_pond_b, lemuel_fruit_tree
Lair:5:   evil_forest, layout_cave_pods, worms_lemuel
Shoals:1: layout_shoals, serial_shops, freezing_bzr, nicolae_shoals_sun_and_surf
Shoals:2: layout_shoals, nicolae_shoals_former_cling_halls, uniq_polyphemus,
          uniq_ilsuiw
Shoals:3: nicolae_shoals_aurelia_aurita, layout_shoals,
          nicolae_shoals_isolated_beach, uniq_bai_suzhen
Shoals:4: shoals_end_hellmonk_holy_island
Snake:1:  nicolae_snake_attic_fulla_snakes, layout_gridlike, serial_shops, shop,
          nicolae_shop_just_a_little_nook, nicolae_lakefront_shop, shop,
          basic_altar, st_stairs_13, nicolae_snake_slithery_hallway,
          nicolae_snake_the_dead_are_slithering
Snake:2:  hangedman_cross_stitches, layout_onion_interference,
          serial_bayou_pond_b, nicolae_snake_gridmaze_swirls,
          serial_library_hellmonk_u_bend, hangedman_snake_sidewinding
Snake:3:  layout_rooms, basic_altar, minmay_shop_grove
Snake:4:  snake_pit_salamanders_mu, layout_cave_town
Slime:1:  layout_caves
Slime:2:  layout_caves, nicolae_slime_crime_time
Slime:3:  layout_caves
Slime:4:  layout_caves
Slime:5:  slime_pit_nicolae_amoeboid
Orc:1:    layout_caves
Orc:2:    st_orc_town, layout_caves, mines5_lemuel
Elf:1:    layout_gridlike, serial_shops, nicolae_shop_drivethru,
          nicolae_elf_shapeshifter_party
Elf:2:    nicolae_elf_blades_splatter_lattice [nooodl_blade_entry_preview],
          layout_geoelf_diagonals, basic_altar, ebering_ghost_rock_garden,
          portal_desolation_entry_salt, serial_shops, shop, shop_fountains,
          dreamdust_princess_corridor, nicolae_elf_big_sculpture_1, drop_trap,
          minmay_misc_feat_diagonals, door_vault
Elf:3:    grunt_elf_hall_asides, layout_geoelf_octagon, serial_shops, statue_bzr
Vaults:1: vaults_room_grunt_arrival_checkpoint,
          nicolae_vaults_storage_closets_3, v_pattern_2,
          serial_library_regret_index_small_wings, v_misc_10,
          vaults_room_grunt_arrival_ludios, nicolae_vaults_arrows,
          nicolae_vaults_tetromino_T_2, nicolae_vaults_apartment_2,
          nicolae_vaults_trapezoid_2, hangedman_vaults_impose, vaults_room_pool,
          vaults_room_stairs_pillars, nicolae_vaults_tetromino_L_2,
          layout_vaults_omnicross, serial_shops, shop
Vaults:2: ebering_ghost_rock_garden, dpeg_vaults_monster_box, vaults_dpeg_hooks,
          ontoclasm_vaults_fault, minmay_crypt_entry_simple_round,
          nicolae_vaults_little_squares_5, nicolae_vaults_oval_intersection,
          vaults_room_pools, v_misc_9, layout_vaults_big_room
Vaults:3: nicolae_vaults_an_arrangement, nicolae_vaults_meiosis,
          hangedman_vaults_corner_blocks, vaults_room_large_hall,
          nicolae_vaults_trapezoid_lopsided_4, vaults_room_octagon,
          hangedman_vaults_trim, hangedman_vaults_unwind,
          ontoclasm_vaults_twist, nicolae_vaults_double_plus_1,
          vaults_room_pools, nicolae_vaults_trapezoid_2, layout_vaults_omnibox,
          uniq_asterion, uniq_norris
Vaults:4: nicolae_vaults_border_crossing, nicolae_vaults_octothorpe,
          nicolae_vaults_sesquioval_fish, nicolae_vaults_mitosis,
          nicolae_vaults_lightning_bolt, v_misc_26, hangedman_vaults_impose,
          serial_library_hellmonk_reading_circle, layout_vaults_omnigrid,
          uniq_margery
Vaults:5: uniq_boris, uniq_frederick, uniq_jory
Crypt:1:  layout_chaotic_city
Crypt:2:  layout_gridlike, ebering_ghost_gozag, uniq_josephina, uniq_donald
Crypt:3:  cryptofortress_bobbens
Tomb:1
Tomb:2
Tomb:3
Depths:1: cheibrodos_birdhouse, layout_basic, tso_metal_star, lightli_too_deep,
          nicolae_shop_dragon_depot, nicolae_shop_i_like_big_books, slow_altar_1
Depths:2: kennysheep_ambush_hall, layout_gridlike, enter_ziggurat_e, hell_entry,
          rand_demon_pan_entry_1, infiniplex_staircase_zigzag_5
Depths:3: cheibrodos_hall_of_evolution, layout_basic, hangedman_geh_valley,
          abyss_entry, infiniplex_staircase_squiggle
Depths:4: grunt_x_marks_the_spot, layout_gridlike, pf_coc_iceberg,
          abyss_entry_crystal, hangedman_glass_teeth, uniq_enchantress
Hell
Dis:1:    layout_jigsaw
Dis:2:    layout_jigsaw
Dis:3:    layout_jigsaw
Dis:4:    layout_subdivisions, glass_columns_a
Dis:5:    layout_gridville
Dis:6:    hangedman_dis_decor_blocks_talon, layout_regular_city
Dis:7:    dis_grunt_layers
Geh:1:    layout_gehenna_pools_basic
Geh:2:    layout_gehenna_pools_triple
Geh:3:    layout_gehenna_pools_triple, nicolae_geh_isolated_escape
Geh:4:    layout_gehenna_lava_caves
Geh:5:    layout_gehenna_lava_caves, door_vault
Geh:6:    layout_gehenna_lava_caves
Geh:7:    geh_old
Coc:1:    layout_ice_bergs
Coc:2:    layout_ice_bergs, nicolae_hells_seeping_fissure
Coc:3:    layout_ice_bergs
Coc:4:    layout_ice_bergs, serial_ice, serial_ice_o, serial_ice_c
Coc:5:    layout_cocytus_water_paths
Coc:6:    nicolae_coc_caina, layout_cocytus_delve
Coc:7:    coc_grunt_cove [coc_grunt_cove_antaeus, coc_grunt_cove_fiend,
          coc_grunt_cove_fiend, coc_grunt_cove_fiend, coc_grunt_cove_fiend]
Tar:1:    layout_grid_maze, nicolae_tar_cuneiform_heaven,
          nicolae_tar_cuneiform_two
Tar:2:    layout_catacombs
Tar:3:    layout_honeycomb
Tar:4:    nicolae_tar_entranced, layout_cathedral_of_symmetry
Tar:5:    layout_catacombs, nicolae_tar_cuneiform_two,
          nicolae_tar_cuneiform_oil, lemuel_nasty_fountain
Tar:6:    hangedman_restless_catacombs
Tar:7:    tar_minmay_river
Zot:1:    layout_concentric_octagons, regret_index_zotdec_banners, uniq_grunn
Zot:2:    layout_gridlike
Zot:3:    layout_twisted_circle, regret_index_zotdec_slimy_original,
          regret_index_zot_stipple_split
Zot:4:    kennysheep_room_grid, layout_cathedral_of_symmetry
Zot:5:    layout_twisted_circle, nicolae_diode_quadrants

Skill      XL: |  1  2  3  4  5  6  7  8  9 10 11 12 13 14 15 16 17 18 19 20 21 22 23 24 25 26 27 |
---------------+----------------------------------------------------------------------------------+-----
Invocations    | 1 2 3 4 5 6 8 9 10 11 13 15 16 17 18 19 20 27 | 27.0
Maces & Flails | 2 3 4 6 7 9 10 12 13 14 16 21 22 27 | 27.0
Armour         | 3 4 5 6 7 9 10 11 12 13 15 25 | 25.1
Shields        | 3 4 5 6 7 8 9 11 13 14 15 16 18 20 27 | 27.0
Fighting       | 4 5 6 7 8 10 11 12 27 | 27.0
Dodging        | 1 2 3 5 7 10 27 | 27.0
Stealth        | 1 2 3 |  3.8
Shapeshifting  | 6 11 14 17 20 22 23 | 23.0
Evocations     | 2 5 7 10 20 | 20.0
Necromancy     | 2 |  2.2
Earth Magic    | 1 |  1.7
Alchemy        | 1 2 |  2.0
Long Blades    | 1 |  1.9
Summonings     | 1 |  1.5
Throwing       | 1 |  1.2
Conjurations   | 1 |  1.5
Translocations | 1 |  1.0
Short Blades   | 1 |  1.3
Air Magic      | 1 |  1.2
Ice Magic      | 1 |  1.0
Hexes          | 1 |  1.3
Unarmed Combat | 1 |  1.0
Spellcasting   | 1 |  1.0
Ranged Weapons | 1 |  1.0
Polearms       | |  0.9
Fire Magic     | |  0.5

Action                     |  1- 3 |  4- 6 |  7- 9 | 10-12 | 13-15 | 16-18 | 19-21 | 22-24 | 25-27 || total
---------------------------+-------+-------+-------+-------+-------+-------+-------+-------+-------++-------
  Melee: Flail             |   124 |   207 |   471 |   786 |  1683 |  2276 |       |       |       ||  5547
         Headbutt          |       |    18 |    80 |   160 |   435 |   625 |   629 |   912 |  5594 ||  8453
         Morningstar       |       |       |       |       |       |   138 |  2098 |  2688 | 15259 || 20183
         Unarmed           |       |       |       |       |       |       |    25 |       |       ||    25
         Bite              |       |       |       |       |       |       |       |       |    41 ||    41
 Invoke: Draw Summoning    |       |       |       |     1 |     4 |     6 |     5 |     5 |    17 ||    38
         Draw Destruction  |       |       |       |     1 |    10 |    51 |    10 |    15 |    38 ||   125
         Deal Four         |       |       |       |       |     2 |     8 |     4 |     3 |    28 ||    45
         Draw Escape       |       |       |       |       |       |     2 |     3 |     3 |     1 ||     9
         Triple Draw       |       |       |       |       |       |       |       |     3 |     6 ||     9
  Evoke: Wand              |       |       |       |     2 |       |       |       |     5 |     3 ||    10
         Phantom mirror    |       |       |       |     1 |       |       |       |     1 |       ||     2
    Use: Scroll            |       |       |     2 |    13 |     8 |    13 |    14 |    32 |    31 ||   113
         Potion            |       |       |     2 |     5 |    12 |     8 |     3 |    13 |    12 ||    55
   Stab: Distracted        |       |       |     1 |     5 |     2 |     3 |     1 |     2 |    28 ||    42
         Invisible         |       |       |       |       |     2 |       |       |       |       ||     2
         Petrified         |       |       |       |       |     6 |       |       |     4 |     2 ||    12
         Fleeing           |       |       |       |       |       |       |       |       |     1 ||     1
         Confused          |       |       |       |       |       |       |       |       |     2 ||     2
         Petrifying        |       |       |       |       |       |       |       |       |     1 ||     1
 Armour: Scale mail        |   106 |   152 |    71 |       |       |       |       |       |       ||   329
         Chain mail        |       |       |   238 |     4 |       |       |       |       |       ||   242
         Gold dragon scale |       |       |       |   748 |  1311 |  1451 |   891 |   989 |  4205 ||  9595
         Skin              |       |       |       |       |       |       |     8 |       |       ||     8
  Dodge: Dodged            |    53 |   115 |   296 |   369 |   881 |   929 |   537 |   482 |  5321 ||  8983
         Repelled          |       |       |       |       |       |       |    12 |    16 |   193 ||   221
  Block: Buckler           |    41 |    23 |       |       |       |       |       |       |       ||    64
         Kite shield       |       |    58 |   323 |   493 |  1130 |   143 |       |       |       ||  2147
         Tower shield      |       |       |       |       |       |  2618 |  1929 |  2388 | 20356 || 27291
         Reflection        |       |       |       |       |       |   159 |    97 |    39 |   369 ||   664
   Form: Death             |       |       |       |       |       |       |       |     1 |     1 ||     2
                           |       |       |       |       |       |       |       |       |     2 ||     2

Table legend: (Time is in decaauts)
 A = Elapsed time spent in this place.
 B = Non-inter-level travel time spent in this place.
 C = Inter-level travel time spent in this place.
 D = Time resting spent in this place.
 E = Time spent auto-exploring this place.
 F = Levels seen in this place.
 G = Mean time per level.
                   A        B        C        D        E       F      G
               +--------+--------+--------+--------+--------+-----+--------+
         Total | 141322 | 131484 |   9838 |      5 |  89383 | 119 | 1187.6 |
       Dungeon |  18275 |  15870 |   2405 |      0 |  11616 |  15 | 1218.3 |
          Lair |   8130 |   7175 |    955 |      0 |   5324 |   5 | 1626.0 |
        Shoals |   6671 |   6392 |    279 |      0 |   4652 |   4 | 1667.8 |
     Snake Pit |  12376 |  11871 |    505 |      0 |   8853 |   4 | 3094.0 |
    Slime Pits |   2317 |   2223 |     94 |      0 |   1380 |   5 |  463.4 |
  Orcish Mines |   1899 |   1767 |    132 |      0 |   1112 |   2 |  949.5 |
   Elven Halls |   4867 |   4578 |    289 |      0 |   3012 |   3 | 1622.3 |
        Vaults |  10783 |   9737 |   1046 |      0 |   7366 |   5 | 2156.6 |
         Crypt |   5436 |   4705 |    731 |      0 |   2971 |   3 | 1812.0 |
          Tomb |   5036 |   4631 |    405 |      0 |   3092 |   3 | 1678.7 |
        Depths |   6106 |   5079 |   1027 |      0 |   3623 |   4 | 1526.5 |
          Hell |   1467 |   1107 |    360 |      0 |    637 |   1 | 1467.0 |
           Dis |   5764 |   5420 |    344 |      0 |   3633 |   7 |  823.4 |
       Gehenna |   3694 |   3352 |    342 |      0 |   2155 |   7 |  527.7 |
       Cocytus |   3692 |   3560 |    132 |      0 |   2110 |   7 |  527.4 |
      Tartarus |   4330 |   4190 |    140 |      0 |   2763 |   7 |  618.6 |
           Zot |   5883 |   5234 |    649 |      0 |   3517 |   5 | 1176.6 |
         Abyss |   1254 |   1254 |      0 |      0 |    584 |   3 |  418.0 |
   Pandemonium |  31329 |  31329 |      0 |      5 |  20214 |  24 | 1305.4 |
        Bazaar |    597 |    597 |      0 |      0 |    333 |   2 |  298.5 |
         Sewer |    464 |    464 |      0 |      0 |    184 |   1 |  464.0 |
        Bailey |    560 |    560 |      0 |      0 |    249 |   1 |  560.0 |
      Ice Cave |    383 |    383 |      0 |      0 |      0 |   1 |  383.0 |
               +--------+--------+--------+--------+--------+-----+--------+

Top non-repeatable levels by time:
 Snake:2: 4646 daAuts
   Dis:7: 3589 daAuts
Vaults:4: 3251 daAuts
 Snake:4: 2734 daAuts
 Snake:1: 2644 daAuts
   Tar:7: 2633 daAuts
  Lair:5: 2402 daAuts
 Snake:3: 2350 daAuts
   Elf:3: 2327 daAuts
Vaults:5: 2275 daAuts
  Tomb:2: 2269 daAuts
   Elf:2: 2179 daAuts
    D:14: 2045 daAuts
Shoals:3: 2029 daAuts
  Lair:2: 1976 daAuts
